Workbook

Sheet MODELO DE PLANILHA
A1: MEMÓRIA DE CÁLCULO PARA PREENCHIMENTO DA PLANILHA DE COMPOSIÇÃO DE CUSTOS
A2: Nota 1: A planilha será calculada considerando o valor mensal do empregado.
A3: IDENTIFICAÇÃO DO SERVIÇO
A4: Item do TR | B4: Descrição | D4: Carga Horária | E4: Salário
A5: 1 | B5: Prestação dos serviços de Motorisa Especial para a condução de veículos autorizados pela UFSB. | D5: 44h semanais | E5: 1983
A6: Nota 2: Para composição da planilha de custos deverá ser cosnsiderado o valor do salário previsto na Convenção Coletiva Vigente.
A8: MÓDULO 1 - COMPOSIÇÃO DA REMUNERAÇÃO
A9: Submódulo 1.1 - Remuneração
A10: Item | B10: Descrição | C10: Memória de Cálculo | D10: Percentual % | E10: Valor (R$)
A11: A | B11: Salário-Base | C11: Salário Normativo da Categoria | E11: =E5 -> 1983
A12: B | B12: Gratificação | C12: Item 7.1.6.2 do TR | D12: 0.15 | E12: =ROUND((D12*E5),2) -> 297.45
A13: C | B13: Outros (especificar)
A14: Total do Submódulo 1.1 | E14: =ROUND(SUM(E11:E13),2) -> 2280.45
A15: Nota 3: O módulo 1.1 refere-se aos pagamentos de natureza remuneratória previstos em convenção ou exigidos pelo órgão gerenciador.
A17: Submódulo 1.2 - Pagamentos sem natureza remuneratória
A18: Item | B18: Descrição | D18: Percentual % | E18: Valor (R$)
A19: A | B19: Adicional de Antiguidade | C19: Previsão na CCT | D19: 0.05 | E19: =ROUND(D19*E14,2) -> 114.02
A20: B | B20: Participação nos Lucros ou Resultados | C20: Previsão na CCT | E20: =326/12 -> 27.166667
A21: C | B21: Outros (especificar)
A22: Total do Submódulo 1.2 | E22: =ROUND(SUM(E19:E21),2) -> 141.19
A23: Nota 4: O Módulo 1.2 refere-se aos pagamentos sem natureza remuneratória previstos em convenção.
A25: Quadro-Resumo do Módulo 1 - Composição da Remuneração
A26: Item | B26: Encargos e Benefícios Anuais, Mensais e Diários | E26: Valor (R$)
A27: 1.1 | B27: Remuneração | C27: Submódulo 1.1 | E27: =E14 -> 2280.45
A28: 1.2 | B28: Pagamentos sem natureza remuneratória e incidência | C28: Submódulo 1.2 | E28: =E22 -> 141.19
A29: TOTAL DO MÓDULO 1 | E29: =SUM(E27:E28) -> 2421.64
A31: MÓDULO 2 - Encargos e Benefícios Anuais, Mensais e Diários
A32: Submódulo 2.1 - 13º (décimo terceiro) Salário, Férias e Adicional de Férias | D32: Percentual % | E32: Valor (R$)
A33: A | B33: 13º (décimo terceiro) Salário | C33: (1/12)*100 = 8,33% | D33: 0.0833 | E33: =ROUND(($E$14*D33),2) -> 189.96
A34: B | B34: Adicional de Férias | C34: [(1/12)/3*100) = 2,78% | D34: =1/12/3 -> 0.027777778 | E34: =ROUND(($E$14*D34),2) -> 63.35
A35: Total do Submódulo 2.1 | D35: =SUM(D33:D34) -> 0.11107778 | E35: =ROUND(SUM(E33:E34),2) -> 253.31
A36: Nota 5: Aprovisiona-se o valor correspondente a 1/12 (um doze avos) dos valores referentes à gratificação natalina e adicional de férias.
A37: Nota 6: O adicional de férias contido no Submódulo 2.1 corresponde a 1/3 (um terço) da remuneração que por sua vez é dividido por 12 (doze) conforme Nota 5.
A39: BASE DE CÁLCULO PARA O MÓDULO 2.2
A40: Submódulo 1.1 + Submódulo 2.1 | E40: =E14+E35 -> 2533.76
A41: Submódulo 2.2 - Encargos Previdenciários (GPS), Fundo de Garantia por Tempo de Serviço (FGTS) e outras contribuições | D41: Percentual % | E41: Valor (R$)
A42: A | B42: INSS (Previdência Social) | C42: Art. 22, Inciso I, da Lei nº 8.212/91. | D42: 0.2 | E42: =ROUND(($E$40*D42),2) -> 506.75
A43: B | B43: SESI ou SESC | C43: Art. 3º, Lei n.º 8.036/90. | D43: 0.015 | E43: =ROUND(($E$40*D43),2) -> 38.01
A44: A | B44: SENAI OU SENAC | C44: Decreto n.º 2.318/86. | D44: 0.01 | E44: =ROUND(($E$40*D44),2) -> 25.34
A45: B | B45: INCRA | C45: Lei n.º 7.787/89 e DL n.º 1.146/70. | D45: 0.002 | E45: =ROUND(($E$40*D45),2) -> 5.07
A46: A | B46: Salário Educação | C46: Art. 3º, Inciso I, Decreto n.º 87.043/82. | D46: 0.025 | E46: =ROUND(($E$40*D46),2) -> 63.34
A47: B | B47: FGTS | C47: Art. 15, Lei nº 8.030/90 e Art. 7º, III, CF. | D47: 0.08 | E47: =ROUND(($E$40*D47),2) -> 202.7
A48: A | B48: Seguro Acidente de Trabalho e FAP (RAT AJUSTADO - RELATÓRIO SEFIP/GFIP) | C48: RAT x FAP, RAT – 3% | D48: 0.03 | E48: =ROUND(($E$40*D48),2) -> 76.01
A49: B | B49: SEBRAE | C49: Art. 8º, Lei n.º 8.029/90 e Lei n.º 8.154/90. | D49: 0.006 | E49: =ROUND(($E$40*D49),2) -> 15.2
A50: Total do Submódulo 2.2 | D50: =SUM(D42:D49) -> 0.368 | E50: =SUM(E42:E49) -> 932.42
A51: Nota 7: os percentuais dos encargos previdenciários, do FGTS e demais contribuições são aqueles estabelecidos pela legislação vigente.
A52: Nota 8: O SAT a depender do grau de risco do serviço irá variar entre 1%, para risco leve, 2% para risco médio e 3% para risco grave, conforme previsto no relagório SEFIP/GFIP.
A53: Nota 9: O percentual acumulado do submódulo 2.2 incide sobre o Módulo 1.1 e o Submódulo 2.1.
A55: Submódulo 2.3 - Benefícios Mensais e Diários | E55: Valor (R$)
A56: A | B56: Transporte (Quantidade: 52, Valor Unit.: R$ 3,50) | C56: Considerado o valor de R$ 3,50 por condução | E56: =ROUND(((3.5*52)-(6%*E5)),2) -> 63.02
A57: B | B57: Auxílio Alimentação | C57: Previsto na CCT | E57: =ROUND((14.7*22),2) -> 323.4
A58: C | B58: Assistência Médica (CCT) | C58: Considerado o valor limite de R$ 160,00 com desconto de 30% | E58: 112
A59: D | B59: Assistência Odontológica
A60: E | B60: Seguro de vida
A61: F | B61: Auxílio Funeral
A62: G | B62: Outros (especificar)
A63: Total do Submódulo 2.3 | E63: =SUM(E56:E62) -> 498.42
A64: Nota 10: O valor informado deverá ser o custo real do benefício (descontado o valor eventualmente pago pelo empregado)
A65: Nota 11: Observar a previsão dos benefícios contidos em Acordos, Convenções e Dissícios Coletivos de Trabalho.
A66: Nota 12: A mediana do valor da tarifa de transporte nos municípios de atuação da UFSB é de R$ 3,50.
A67: Nota 13: previsão de seguro de vida.
A68: Nota 14: Auxílio funeral, exameas médicos e treinamento não devem ser provisionados na proposta.
A70: Quadro-Resumo do Módulo 2 - Encargos e Benefícios anuais, mensais e diários
A71: Item | B71: Encargos e Benefícios Anuais, Mensais e Diários | E71: Valor (R$)
A72: 2.1 | B72: 13º (décimo terceiro) salário e adicional de férias | C72: Submódulo 2.1 | D72: =D35 -> 0.11107778 | E72: =E35 -> 253.31
A73: 2.2 | B73: GPS, FGTS e outras contribuições | C73: Submódulo 2.2 | D73: =D50 -> 0.368 | E73: =E50 -> 932.42
A74: 2.3 | B74: Benefícios mensais e diários | C74: Submódulo 2.3 | E74: =E63 -> 498.42
A75: TOTAL DO MÓDULO 2 | D75: =SUM(D72:D74) -> 0.47907778 | E75: =SUM(E72:E74) -> 1684.15
A77: MÓDULO 3 - PROVISÃO PARA RESCISÃO
A78: A | B78: Aviso Prévio Indenizado | C78: {[0,05x(1/12)]x100} = 0,42% | D78: =(0.05*(1/12)) -> 0.0041666667 | E78: =ROUND(D78*E29,2) -> 10.09
A79: B | B79: Incidência do FGTS sobre o Aviso Prévio Indenizado | C79: 0,08 x 0,42 = 0,03% | D79: =0.08*D78 -> 0.00033333333 | E79: =ROUND((E78*D79),2) -> 0
A80: C | B80: Multa do FGTS e Contribuição Social sobre o Aviso Prévio Indenizado | C80: [( 1,00 x 0,08) x 0,50] x 0,05 = 0,20% | D80: =0.08*0.5*0.05 -> 0.002 | E80: =D80*E40 -> 5.06752
A81: D | B81: Aviso Prévio Trabalhado | C81: 7/30/12 = 1,94% | D81: =7/30/12 -> 0.019444444 | E81: =D81*E40 -> 49.267556
A82: E | B82: Incidência dos encargos do submódulo 2.2 sobre o Aviso Prévio Trabalhado | C82: 0,3680 x 0,0194 = 0,72% | D82: =D50*D81 -> 0.0071555556 | E82: =ROUND((E81*D82),2) -> 0.35
A83: F | B83: Multa do FGTS e Contribuição Social sobre o Aviso Prévio Trabalhado | C83: [( 1,00 x 0,08) x 0,50 = 3,20%]/12; | D83: =(0.08*(0.5)/12) -> 0.0033333333 | E83: =ROUND(($E$14*D83),2) -> 7.6
A84: TOTAL DO MÓDULO 3 | D84: =SUM(D78:D83) -> 0.036433333 | E84: =ROUND(SUM(E78:E83),2) -> 72.38
A85: Nota 15: O módulo 3 deve ser provisionado para o cálculo da proposta.
A87: BASE DE CÁLCULO PARA O MÓDULO 4
A88: Submódulo 1.1 + Módulo 2 + Módulo 3 | E88: =E14+E75+E84 -> 4036.98
A90: MÓDULO 4 - CUSTO DE RESPOSIÇÃO DO PROFISSIONAL AUSENTE
A91: 4.1 - Ausências legais
A92: Item | B92: Descrição | D92: Percentual % | E92: Valor (R$)
A93: A | B93: Férias | C93: (1/12)*100 = 8,33% | D93: =1/12 -> 0.083333333 | E93: =ROUND(D93*$E$27,2) -> 190.04
A94: B | B94: Auxílio Doença | C94: Pesquisa de mercado | D94: 0.0135 | E94: =ROUND(D94*$E$27,2) -> 30.79
A95: C | B95: Licença paternidade / maternidade | C95: Pesquisa de mercado | D95: 0.0006 | E95: =ROUND(D95*$E$27,2) -> 1.37
A96: D | B96: Faltas Legais | C96: pesquisa de mercado | D96: 0.0062 | E96: =ROUND(D96*$E$27,2) -> 14.14
A97: E | B97: Acidente de Trabalho | C97: pesquisa de mercado | D97: 0.0007 | E97: =ROUND(D97*$E$27,2) -> 1.6
A98: G | B98: Outros (especificar) | E98: =ROUND(D98*$E$27,2) -> 0
A99: Subtotal do Submódulo 4.1 | E99: =SUM(E93:E98) -> 237.94
A100: H | B100: Incidência dos encargos do submódulo 2.2 sobre o Módulo 4.1 | D100: 0.0957 | E100: =ROUND(D100*E99,2) -> 22.77
A101: I | B101: Incidência sobre o Salário Maternidade | D101: 0.0046 | E101: =ROUND(D101*E99,2) -> 1.09
A102: TOTAL DO MÓDULO 4 | D102: =SUM(D93:D98,D100,D101) -> 0.20463333 | E102: =E100+E101 -> 23.86
A103: Nota 16: Os itens que contemplam o módulo 4.1 se referem ao custo dos dias trabalhados pelo repositor/substituto, quando o empregado elocado na prestação do serviço estiver ausente, conforme as previsões estabelecidas na legislação.
A105: MÓDULO 5 - Insumos Diversos
A106: Item | B106: Descrição | E106: Valor (R$)
A107: A | B107: Uniformes | C107: Pesquisa de mercado | E107: =UNIFORMES!F14 -> 0
A108: B | B108: Materiais e Equipamentos | C108: Pesquisa de mercado | E108: ='MAT. E EQUIP.'!F7 -> 0
A109: C | B109: Outros (especificar)
A110: TOTAL DO MÓDULO 5 | E110: =SUM(E107:E109) -> 0
A112: BASE DE CÁLCULO PARA O MÓDULO 6
...

Sheet PROPOSTA
A1: PLANILHA DE CUSTOS E FORMAÇÃO DE PREÇOS
A2: Processo nº
A3: Licitação nº
A4: Data da apresentação da proposta (dia/mês/ano):
A5: Data de apresentação da proposta (mês/ano)
A6: Ano Acordo, Convenção ou Sentença Normativa em Dissídio Coletivo: 2019/2020
A7: Nº de meses de execução contratual: 30 meses
A8: Mão de obra vinculada à execução Contratual: Dedicação Exclusiva
A9: Identificação do Serviço: PRESTAÇÃO CONTINUADA DE SERVIÇOS DE CONDUÇÃO DE VEÍCULOS.
A10: Data Base da Categoria (dia/mês/ano): 1º de Maio
A11: PLANILHA DE COMPOSIÇÃO DE CUSTOS E FORMAÇÃO DE PREÇOS
A12: MÃO DE OBRA VINCULADA À EXECUÇÃO CONTRATUAL
A13: Item | B13: Descrição | C13: Und. de Medida | D13: Valor Unit. | E13: Qtd. Mensal | F13: Valor Mensal | G13: Qtd. Anual | H13: Valor Anual | I13: Qtd. Total (30 meses) | J13: Total
A14: 1 | B14: Serviço de Motorista Especial para condução de veículos autorizados pela UFSB. | C14: Posto Mensal | D14: ='01. Motorista Especial'!D129 -> 0 | E14: 2 | F14: =E14*D14 -> 0 | G14: =E14*12 -> 24 | H14: =G14*D14 -> 0 | I14: =E14*30 -> 60 | J14: =I14*D14 -> 0
A15: 2 | B15: Hora Extraordinária com adicional de 50% sobre as horas trabalhadas. | C15: Hora | D15: ='02. Hora 50%'!D129 -> 0 | E15: 12 | F15: =E15*D15 -> 0 | G15: =E15*12 -> 144 | H15: =G15*D15 -> 0 | I15: =E15*30 -> 360 | J15: =I15*D15 -> 0
A16: 3 | B16: Hora Extraordinária com adicional de 100% sobre as horas trabalhadas. | C16: Hora | D16: ='03. Hora 100%'!D129 -> 0 | E16: 8 | F16: =E16*D16 -> 0 | G16: =E16*12 -> 96 | H16: =G16*D16 -> 0 | I16: =E16*30 -> 240 | J16: =I16*D16 -> 0
A17: 4 | B17: Hora Noturna reduzida com adicional de 20% sobre as horas trabalhadas. | C17: Hora | D17: ='04. Hora Noturna'!D129 -> 0 | E17: 10 | F17: =E17*D17 -> 0 | G17: =E17*12 -> 120 | H17: =G17*D17 -> 0 | I17: =E17*30 -> 300 | J17: =I17*D17 -> 0
A18: 5 | B18: Serviço de Motorista I para condução de veículos autorizados pela UFSB. | C18: Posto Mensal | D18: ='05. Motorista I'!D129 -> 0 | E18: 10 | F18: =E18*D18 -> 0 | G18: =E18*12 -> 120 | H18: =G18*D18 -> 0 | I18: =E18*30 -> 300 | J18: =I18*D18 -> 0
A19: 6 | B19: Hora Extraordinária com adicional de 50% sobre as horas trabalhadas. | C19: Hora | D19: ='06. Hora 50%'!D129 -> 0 | E19: 150 | F19: =E19*D19 -> 0 | G19: =E19*12 -> 1800 | H19: =G19*D19 -> 0 | I19: =E19*30 -> 4500 | J19: =I19*D19 -> 0
A20: 7 | B20: Hora Extraordinária com adicional de 100% sobre as horas trabalhadas. | C20: Hora | D20: ='07. Hora 100%'!D129 -> 0 | E20: 80 | F20: =E20*D20 -> 0 | G20: =E20*12 -> 960 | H20: =G20*D20 -> 0 | I20: =E20*30 -> 2400 | J20: =I20*D20 -> 0
A21: 8 | B21: Hora Noturna reduzida com adicional de 20% sobre as horas trabalhadas. | C21: Hora | D21: ='08. Hora Noturna'!D129 -> 0 | E21: 160 | F21: =E21*D21 -> 0 | G21: =E21*12 -> 1920 | H21: =G21*D21 -> 0 | I21: =E21*30 -> 4800 | J21: =I21*D21 -> 0
A22: 9 | B22: Diárias (pernoite). | C22: Diária | D22: ='09. Diárias'!D128 -> 0 | E22: 48 | F22: =E22*D22 -> 0 | G22: =E22*12 -> 576 | H22: =G22*D22 -> 0 | I22: =E22*30 -> 1440 | J22: =I22*D22 -> 0
A23: TOTAL | F23: =SUM(F14:F22) -> 0 | H23: =SUM(H14:H22) -> 0 | J23: =SUM(J14:J22) -> 0
A24: VALOR ESTIMADO TOTAL (escrever o valor por extenso)
A25: OBSERVAÇÕES
A26: 1 | B26: No módulo 2 - Insumos de mão de obra o valor informado deverá ser o custo real do insumo (descontado eventualmente pago pelo empregado)
A27: 2 | B27: No módulo 4 - Encargos sociais e trabalhistas os percentauis incidem sobre a remuneração.
A28: 3 | B28: Em conformidade com a nova regra para o aviso prévio, definida na Lei nº 12.506/11, os anos subsequentes ao primeiro ano de contrato deverão considerar 03 dias para fins de aviso prévio até o limite de 12 dias.
A29: 4 | B29: Consoante jurisprudência consolidada do Tribunal de Contas da União, as licitantes deverão abster-se de incluir na planilha de custos e formação de preços os itens relativos à TREEINAMETNO/CAPACITAÇÃO e/ou RECICLAGEM DE PESSOAL E RESERVA TÉCNICA.
A30: 5 | B30: O licitante deve preencher o item Seguro Acidente de Trabalho e FAP do submódulo 4.1 da planilha de custo e formação de preço com o percentual apresentado no relatório SEFIP/GFIP, que será comprovado mediante a apresentação do relatóro GFIP ou outro documento apto a fazê-lo no momento do envio da proposta adequada ao lance vencedor.
A31: 6 | B31: O licitante deve elaborar sua proposta e, por conseguinte, sua planilha com base no regime de tributação ao qual estará submetido durante a execução do contrato.

Sheet 01. Motorista Especial
A1: PLANILHA DE CUSTOS E FORMAÇÃO DE PREÇOS
A2: Processo nº
A3: Licitação nº
A4: Data da apresentação da proposta (dia/mês/ano):
A5: Data de apresentação da proposta (mês/ano)
A6: Ano Acordo, Convenção ou Sentença Normativa em Dissídio Coletivo: 2019/2020
A7: Nº de meses de execução contratual: 30 meses
A8: Mão de obra vinculada à execução Contratual: Dedicação Exclusiva
A9: Identificação do Serviço: PRESTAÇÃO CONTINUADA DE SERVIÇOS DE CONDUÇÃO DE VEÍCULOS.
A10: Salário Normativo da Categoria Profissional: R$ 1.983,00
A11: Categoria profissional: Motorista de veículos pesados com capacidade de carga acima de 18.000 kg
A12: Data Base da Categoria (dia/mês/ano): 1º de Maio
A13: IDENTIFICAÇÃO DO SERVIÇO
A14: Item do TR | B14: Descrição | C14: Carga Horária | D14: Salário
A15: 1 | B15: Prestação dos serviços de Motorisa Especial para a condução de veículos autorizados pela UFSB. | C15: 44h semanais
A16: MÓDULO 1 - COMPOSIÇÃO DA REMUNERAÇÃO
A17: Submódulo 1.1 - Remuneração
A18: Item | B18: Descrição | C18: Percentual % | D18: Valor (R$)
A19: A | B19: Salário-Base | D19: =D15 -> 0
A20: B | B20: Gratificação | C20: 0.15 | D20: =ROUND((C20*D15),2) -> 0
A21: C | B21: Outros (especificar)
A22: Total do Submódulo 1.1 | D22: =ROUND(SUM(D19:D21),2) -> 0
A23: Submódulo 1.2 - Pagamentos sem natureza remuneratória
A24: Item | B24: Descrição | C24: Percentual % | D24: Valor (R$)
A25: A | B25: Adicional de Antiguidade | C25: 0.05 | D25: =ROUND(C25*D22,2) -> 0
A26: B | B26: Participação nos Lucros ou Resultados
A27: C | B27: Outros (especificar)
A28: Total do Submódulo 1.2 | D28: =ROUND(SUM(D25:D27),2) -> 0
A30: Quadro-Resumo do Módulo 1 - Composição da Remuneração
A31: Item | B31: Encargos e Benefícios Anuais, Mensais e Diários | D31: Valor (R$)
A32: 1.1 | B32: Remuneração | D32: =D22 -> 0
A33: 1.2 | B33: Pagamentos sem natureza remuneratória e incidência | D33: =D28 -> 0
A34: TOTAL DO MÓDULO 1 | D34: =SUM(D32:D33) -> 0
A36: MÓDULO 2 - Encargos e Benefícios Anuais, Mensais e Diários
A37: Submódulo 2.1 - 13º (décimo terceiro) Salário, Férias e Adicional de Férias | C37: Percentual % | D37: Valor (R$)
A38: A | B38: 13º (décimo terceiro) Salário | D38: =ROUND(($D$22*C38),2) -> 0
A39: B | B39: Adicional de Férias | D39: =ROUND(($D$22*C39),2) -> 0
A40: Total do Submódulo 2.1 | C40: =SUM(C38:C39) -> 0 | D40: =ROUND(SUM(D38:D39),2) -> 0
A42: BASE DE CÁLCULO PARA O MÓDULO 2.2
A43: Submódulo 1.1 + Submódulo 2.1 | D43: =D22+D40 -> 0
A44: Submódulo 2.2 - Encargos Previdenciários (GPS), Fundo de Garantia por Tempo de Serviço (FGTS) e outras contribuições | C44: Percentual % | D44: Valor (R$)
A45: A | B45: INSS (Previdência Social) | D45: =ROUND(($D$43*C45),2) -> 0
A46: B | B46: SESI ou SESC | D46: =ROUND(($D$43*C46),2) -> 0
A47: A | B47: SENAI OU SENAC | D47: =ROUND(($D$43*C47),2) -> 0
A48: B | B48: INCRA | D48: =ROUND(($D$43*C48),2) -> 0
A49: A | B49: Salário Educação | D49: =ROUND(($D$43*C49),2) -> 0
A50: B | B50: FGTS | D50: =ROUND(($D$43*C50),2) -> 0
A51: A | B51: Seguro Acidente de Trabalho e FAP (RAT AJUSTADO - RELATÓRIO SEFIP/GFIP) | D51: =ROUND(($D$43*C51),2) -> 0
A52: B | B52: SEBRAE | D52: =ROUND(($D$43*C52),2) -> 0
A53: Total do Submódulo 2.2 | C53: =SUM(C45:C52) -> 0 | D53: =SUM(D45:D52) -> 0
A54: Submódulo 2.3 - Benefícios Mensais e Diários | D54: Valor (R$)
A55: A | B55: Transporte (Quantidade: 52, Valor da Passagem: R$ 3,50) - 6%
A56: B | B56: Auxílio Alimentação
A57: C | B57: Assistência Médica (CCT)
A58: D | B58: Assistência Odontológica
A59: E | B59: Seguro de vida
A60: F | B60: Auxílio Funeral
A61: G | B61: Outros (especificar)
A62: Total do Submódulo 2.3 | D62: =SUM(D55:D61) -> 0
A64: Quadro-Resumo do Módulo 2 - Encargos e Benefícios anuais, mensais e diários
A65: Item | B65: Encargos e Benefícios Anuais, Mensais e Diários | D65: Valor (R$)
A66: 2.1 | B66: 13º (décimo terceiro) salário e adicional de férias | C66: =C40 -> 0 | D66: =D40 -> 0
A67: 2.2 | B67: GPS, FGTS e outras contribuições | C67: =C53 -> 0 | D67: =D53 -> 0
A68: 2.3 | B68: Benefícios mensais e diários | D68: =D62 -> 0
A69: TOTAL DO MÓDULO 2 | C69: =SUM(C66:C68) -> 0 | D69: =SUM(D66:D68) -> 0
A71: MÓDULO 3 - PROVISÃO PARA RESCISÃO
A72: A | B72: Aviso Prévio Indenizado | D72: =ROUND(C72*D34,2) -> 0
A73: B | B73: Incidência do FGTS sobre o Aviso Prévio Indenizado | D73: =ROUND((D72*C73),2) -> 0
A74: C | B74: Multa do FGTS e Contribuição Social sobre o Aviso Prévio Indenizado | D74: =C74*D43 -> 0
A75: D | B75: Aviso Prévio Trabalhado | C75: =7/30/12 -> 0.019444444 | D75: =C75*D43 -> 0
A76: E | B76: Incidência dos encargos do submódulo 2.2 sobre o Aviso Prévio Trabalhado | D76: =ROUND((D75*C76),2) -> 0
A77: F | B77: Multa do FGTS e Contribuição Social sobre o Aviso Prévio Trabalhado | D77: =ROUND(($D$22*C77),2) -> 0
A78: TOTAL DO MÓDULO 3 | C78: =SUM(C72:C77) -> 0.019444444 | D78: =ROUND(SUM(D72:D77),2) -> 0
A80: BASE DE CÁLCULO PARA O MÓDULO 4
A81: Submódulo 1.1 + Módulo 2 + Módulo 3 | D81: =D22+D69+D78 -> 0
A83: MÓDULO 4 - CUSTO DE RESPOSIÇÃO DO PROFISSIONAL AUSENTE
A84: 4.1 - Ausências legais
A85: Item | B85: Descrição | C85: Percentual % | D85: Valor (R$)
A86: A | B86: Férias | D86: =ROUND(C86*$D$32,2) -> 0
A87: B | B87: Auxílio Doença | D87: =ROUND(C87*$D$32,2) -> 0
A88: C | B88: Licença paternidade / maternidade | D88: =ROUND(C88*$D$32,2) -> 0
A89: D | B89: Faltas Legais | D89: =ROUND(C89*$D$32,2) -> 0
A90: E | B90: Acidente de Trabalho | D90: =ROUND(C90*$D$32,2) -> 0
A91: G | B91: Outros (especificar) | D91: =ROUND(C91*$D$32,2) -> 0
A92: Subtotal do Submódulo 4.1 | C92: =SUM(C86:C91) -> 0 | D92: =SUM(D86:D91) -> 0
A93: H | B93: Incidência dos encargos do submódulo 2.2 sobre o Módulo 4.1 | D93: =ROUND(C93*D92,2) -> 0
A94: I | B94: Incidência sobre o Salário Maternidade | D94: =ROUND(C94*D92,2) -> 0
A95: TOTAL DO MÓDULO 4 | C95: =SUM(C86:C91,C93,C94) -> 0 | D95: =D93+D94 -> 0
A97: MÓDULO 5 - Insumos Diversos
A98: Item | B98: Descrição | D98: Valor (R$)
A99: A | B99: Uniformes | D99: =UNIFORMES!F14 -> 0
A100: B | B100: Materiais e Equipamentos | D100: ='MAT. E EQUIP.'!F7 -> 0
A101: C | B101: Outros (especificar)
A102: TOTAL DO MÓDULO 5 | D102: =SUM(D99:D101) -> 0
A104: BASE DE CÁLCULO PARA O MÓDULO 6
A105: Módulo 1 + Módulo 2 + Módulo 3 + Módulo 4 + Módulo 5 | D105: =SUM(D81+D92+D102) -> 0
B106: Módulo 6 - Custos Indiretos, Tributos e Lucro | C106: Percentual % | D106: Valor (R$)
A107: A | B107: Custos Indiretos | D107: =ROUND(($D$105*C107),2) -> 0
A108: B | B108: Lucro | D108: =ROUND(($D$105*C108),2) -> 0
B109: FATURAMENTO (MT + M6A + M6B) | D109: =D105+D107+D108 -> 0
...

Sheet 02. Hora 50%
A1: PLANILHA DE CUSTOS E FORMAÇÃO DE PREÇOS
A2: Processo nº
A3: Licitação nº
A4: Data da apresentação da proposta (dia/mês/ano):
A5: Data de apresentação da proposta (mês/ano)
A6: Ano Acordo, Convenção ou Sentença Normativa em Dissídio Coletivo: 2019/2020
A7: Nº de meses de execução contratual: 30 meses
A8: Mão de obra vinculada à execução Contratual: Dedicação Exclusiva
A9: Identificação do Serviço: PRESTAÇÃO CONTINUADA DE SERVIÇOS DE CONDUÇÃO DE VEÍCULOS.
A10: Salário Normativo da Categoria Profissional: R$ 1.983,00
A11: Categoria profissional: Motorista de veículos pesados com capacidade de carga acima de 18.000 kg
A12: Data Base da Categoria (dia/mês/ano): 1º de Maio
A13: IDENTIFICAÇÃO DO SERVIÇO
A14: Item do TR | B14: Descrição | C14: Carga Horária | D14: Remuneração
A15: 2 | B15: Hora extraordinária remunerada com adicional de 50% sobre as horas normais para o posto de Motorista Especial. | C15: 44h semanais | D15: ='01. Motorista Especial'!D22 -> 0
A16: MÓDULO 1 - COMPOSIÇÃO DA REMUNERAÇÃO
A17: Submódulo 1.1 - Remuneração
A18: Item | B18: Descrição | C18: Percentual % | D18: Valor (R$)
A19: A | B19: Hora extraordinária remunerada com adicional de 50% sobre as horas normais. | C19: 1.5 | D19: =(D15/220)*C19 -> 0
A20: B | B20: DSR sobre Horas Extras | D20: =(D19/25)*5 -> 0
A21: Total do Submódulo 1.1 | D21: =ROUND(SUM(D19:D20),2) -> 0
A22: Submódulo 1.2 - Pagamentos sem natureza remuneratória
A23: Item | B23: Descrição | C23: Percentual % | D23: Valor (R$)
A24: A | B24: Adicional de Boa Permanência | D24: 0
A25: B | B25: Intervalo Intrajornada | C25: 0 | D25: =ROUND((C25*D21),2) -> 0
A26: C | B26: Outros (especificar)
A27: Total do Submódulo 1.2 | D27: =ROUND(SUM(D24:D26),2) -> 0
A29: Quadro-Resumo do Módulo 1 - Composição da Remuneração
A30: Item | B30: Encargos e Benefícios Anuais, Mensais e Diários | D30: Valor (R$)
A31: 1.1 | B31: Remuneração | D31: =D21 -> 0
A32: 1.2 | B32: Pagamentos sem natureza remuneratória e incidência | D32: =D27 -> 0
A33: TOTAL DO MÓDULO 1 | D33: =SUM(D31:D32) -> 0
A35: MÓDULO 2 - Encargos e Benefícios Anuais, Mensais e Diários
A36: Submódulo 2.1 - 13º (décimo terceiro) Salário, Férias e Adicional de Férias | C36: Percentual % | D36: Valor (R$)
A37: A | B37: 13º (décimo terceiro) Salário | C37: 0 | D37: =ROUND(($D$21*C37),2) -> 0
A38: B | B38: Adicional de Férias | C38: 0 | D38: =ROUND(($D$21*C38),2) -> 0
A39: Total do Submódulo 2.1 | C39: =SUM(C37:C38) -> 0 | D39: =ROUND(SUM(D37:D38),2) -> 0
A41: BASE DE CÁLCULO PARA O MÓDULO 2.2
A42: Submódulo 1.1 + Submódulo 2.1 | D42: =D21+D39 -> 0
A43: Submódulo 2.2 - Encargos Previdenciários (GPS), Fundo de Garantia por Tempo de Serviço (FGTS) e outras contribuições | C43: Percentual % | D43: Valor (R$)
A44: A | B44: INSS (Previdência Social) | D44: =ROUND(($D$42*C44),2) -> 0
A45: B | B45: SESI ou SESC | D45: =ROUND(($D$42*C45),2) -> 0
A46: A | B46: SENAI OU SENAC | D46: =ROUND(($D$42*C46),2) -> 0
A47: B | B47: INCRA | D47: =ROUND(($D$42*C47),2) -> 0
A48: A | B48: Salário Educação | D48: =ROUND(($D$42*C48),2) -> 0
A49: B | B49: FGTS | D49: =ROUND(($D$42*C49),2) -> 0
A50: A | B50: Seguro Acidente de Trabalho e FAP (RAT AJUSTADO - RELATÓRIO SEFIP/GFIP) | D50: =ROUND(($D$42*C50),2) -> 0
A51: B | B51: SEBRAE | D51: =ROUND(($D$42*C51),2) -> 0
A52: Total do Submódulo 2.2 | C52: =SUM(C44:C51) -> 0 | D52: =SUM(D44:D51) -> 0
A53: Submódulo 2.3 - Benefícios Mensais e Diários | D53: Valor (R$)
A54: A | B54: Transporte (Quantidade: 52, Valor da Passagem: R$ 3,50) - 6%
A55: B | B55: Auxílio Alimentação
A56: C | B56: Assistência Médica (CCT)
A57: D | B57: Assistência Odontológica
A58: E | B58: Seguro de vida
A59: F | B59: Auxílio Funeral
A60: G | B60: Outros (especificar)
A61: Total do Submódulo 2.3 | D61: =SUM(D54:D60) -> 0
A63: Quadro-Resumo do Módulo 2 - Encargos e Benefícios anuais, mensais e diários
A64: Item | B64: Encargos e Benefícios Anuais, Mensais e Diários | D64: Valor (R$)
A65: 2.1 | B65: 13º (décimo terceiro) salário e adicional de férias | C65: =C39 -> 0 | D65: =D39 -> 0
A66: 2.2 | B66: GPS, FGTS e outras contribuições | C66: =C52 -> 0 | D66: =D52 -> 0
A67: 2.3 | B67: Benefícios mensais e diários | D67: =D61 -> 0
A68: TOTAL DO MÓDULO 2 | C68: =SUM(C65:C67) -> 0 | D68: =SUM(D65:D67) -> 0
A70: MÓDULO 3 - PROVISÃO PARA RESCISÃO
A71: A | B71: Aviso Prévio Indenizado | C71: 0 | D71: =C71*D33 -> 0
A72: B | B72: Incidência do FGTS sobre o Aviso Prévio Indenizado | C72: 0 | D72: =ROUND((D71*C72),2) -> 0
A73: C | B73: Multa do FGTS e Contribuição Social sobre o Aviso Prévio Indenizado | C73: 0 | D73: =ROUND((D21*C73),2) -> 0
A74: D | B74: Aviso Prévio Trabalhado | C74: 0 | D74: =ROUND(((D21+D68)/12+0.5*D45)*C74,2) -> 0
A75: E | B75: Incidência dos encargos do submódulo 2.2 sobre o Aviso Prévio Trabalhado | C75: 0 | D75: =ROUND((D74*C75),2) -> 0
A76: F | B76: Multa do FGTS e Contribuição Social sobre o Aviso Prévio Trabalhado | C76: 0 | D76: =ROUND(($D$21*C76),2) -> 0
A77: TOTAL DO MÓDULO 3 | C77: =SUM(C71:C76) -> 0 | D77: =ROUND(SUM(D71:D76),2) -> 0
A79: BASE DE CÁLCULO PARA O MÓDULO 4
A80: Submódulo 1.1 + Módulo 2 + Módulo 3 | D80: =D21+D68+D77 -> 0
A82: MÓDULO 4 - CUSTO DE RESPOSIÇÃO DO PROFISSIONAL AUSENTE
A83: 4.1 - Ausências legais
A84: Item | B84: Descrição | C84: Percentual % | D84: Valor (R$)
A85: A | B85: Férias | D85: =ROUND(C85*$D$31,2) -> 0
A86: B | B86: Auxílio Doença | D86: =ROUND(C86*$D$31,2) -> 0
A87: C | B87: Licença paternidade / maternidade | D87: =ROUND(C87*$D$31,2) -> 0
A88: D | B88: Faltas Legais | D88: =ROUND(C88*$D$31,2) -> 0
A89: E | B89: Acidente de Trabalho | D89: =ROUND(C89*$D$31,2) -> 0
A90: F | B90: Treinamento | D90: =ROUND(C90*$D$31,2) -> 0
A91: G | B91: Outros (especificar) | D91: =ROUND(C91*$D$31,2) -> 0
A92: Subtotal do Submódulo 4.1 | D92: =SUM(D85:D91) -> 0
A93: H | B93: Incidência dos encargos do submódulo 2.2 sobre o Módulo 4.1 | D93: =ROUND(C93*D92,2) -> 0
A94: I | B94: Incidência sobre o Salário Maternidade | D94: =ROUND(C94*D92,2) -> 0
A95: TOTAL DO MÓDULO 4 | C95: =SUM(C85:C91,C93) -> 0 | D95: =D93+D94 -> 0
A97: MÓDULO 5 - Insumos Diversos
A98: Item | B98: Descrição | D98: Valor (R$)
A99: A | B99: Uniformes | D99: 0
A100: B | B100: Materiais e Equipamentos
A101: C | B101: Outros (especificar)
A102: TOTAL DO MÓDULO 5 | D102: =SUM(D99:D101) -> 0
A104: BASE DE CÁLCULO PARA O MÓDULO 6
A105: Módulo 1 + Módulo 2 + Módulo 3 + Módulo 4 + Módulo 5 | D105: =SUM(D80+D92+D102) -> 0
B106: Módulo 6 - Custos Indiretos, Tributos e Lucro | C106: Percentual % | D106: Valor (R$)
A107: A | B107: Custos Indiretos | D107: =ROUND(($D$105*C107),2) -> 0
A108: B | B108: Lucro | D108: =ROUND(($D$105*C108),2) -> 0
B109: FATURAMENTO (MT + M6A + M6B) | D109: =D105+D107+D108 -> 0
...

Sheet 03. Hora 100%
A1: PLANILHA DE CUSTOS E FORMAÇÃO DE PREÇOS
A2: Processo nº
A3: Licitação nº
A4: Data da apresentação da proposta (dia/mês/ano):
A5: Data de apresentação da proposta (mês/ano)
A6: Ano Acordo, Convenção ou Sentença Normativa em Dissídio Coletivo: 2019/2020
A7: Nº de meses de execução contratual: 30 meses
A8: Mão de obra vinculada à execução Contratual: Dedicação Exclusiva
A9: Identificação do Serviço: PRESTAÇÃO CONTINUADA DE SERVIÇOS DE CONDUÇÃO DE VEÍCULOS.
A10: Salário Normativo da Categoria Profissional: R$ 1.983,00
A11: Categoria profissional: Motorista de veículos pesados com capacidade de carga acima de 18.000 kg
A12: Data Base da Categoria (dia/mês/ano): 1º de Maio
A13: IDENTIFICAÇÃO DO SERVIÇO
A14: Item do TR | B14: Descrição | C14: Carga Horária | D14: Remuneração
A15: 3 | B15: Hora extraordinária remunerada com adicional de 100% sobre as horas normais para o posto de Motorista Especial. | C15: 44h semanais | D15: ='01. Motorista Especial'!D22 -> 0
A16: MÓDULO 1 - COMPOSIÇÃO DA REMUNERAÇÃO
A17: Submódulo 1.1 - Remuneração
A18: Item | B18: Descrição | C18: Percentual % | D18: Valor (R$)
A19: A | B19: Hora extraordinária remunerada com adicional de 100% sobre as horas normais. | C19: 2 | D19: =(D15/220)*C19 -> 0
A20: B | B20: DSR sobre Horas Extras | D20: =(D19/25)*5 -> 0
A21: Total do Submódulo 1.1 | D21: =ROUND(SUM(D19:D20),2) -> 0
A22: Submódulo 1.2 - Pagamentos sem natureza remuneratória
A23: Item | B23: Descrição | C23: Percentual % | D23: Valor (R$)
A24: A | B24: Adicional de Boa Permanência | D24: 0
A25: B | B25: Intervalo Intrajornada | C25: 0 | D25: =ROUND((C25*D21),2) -> 0
A26: C | B26: Outros (especificar)
A27: Total do Submódulo 1.2 | D27: =ROUND(SUM(D24:D26),2) -> 0
A29: Quadro-Resumo do Módulo 1 - Composição da Remuneração
A30: Item | B30: Encargos e Benefícios Anuais, Mensais e Diários | D30: Valor (R$)
A31: 1.1 | B31: Remuneração | D31: =D21 -> 0
A32: 1.2 | B32: Pagamentos sem natureza remuneratória e incidência | D32: =D27 -> 0
A33: TOTAL DO MÓDULO 1 | D33: =SUM(D31:D32) -> 0
A35: MÓDULO 2 - Encargos e Benefícios Anuais, Mensais e Diários
A36: Submódulo 2.1 - 13º (décimo terceiro) Salário, Férias e Adicional de Férias | C36: Percentual % | D36: Valor (R$)
A37: A | B37: 13º (décimo terceiro) Salário | C37: 0 | D37: =ROUND(($D$21*C37),2) -> 0
A38: B | B38: Adicional de Férias | C38: 0 | D38: =ROUND(($D$21*C38),2) -> 0
A39: Total do Submódulo 2.1 | C39: =SUM(C37:C38) -> 0 | D39: =ROUND(SUM(D37:D38),2) -> 0
A41: BASE DE CÁLCULO PARA O MÓDULO 2.2
A42: Submódulo 1.1 + Submódulo 2.1 | D42: =D21+D39 -> 0
A43: Submódulo 2.2 - Encargos Previdenciários (GPS), Fundo de Garantia por Tempo de Serviço (FGTS) e outras contribuições | C43: Percentual % | D43: Valor (R$)
A44: A | B44: INSS (Previdência Social) | D44: =ROUND(($D$42*C44),2) -> 0
A45: B | B45: SESI ou SESC | D45: =ROUND(($D$42*C45),2) -> 0
A46: A | B46: SENAI OU SENAC | D46: =ROUND(($D$42*C46),2) -> 0
A47: B | B47: INCRA | D47: =ROUND(($D$42*C47),2) -> 0
A48: A | B48: Salário Educação | D48: =ROUND(($D$42*C48),2) -> 0
A49: B | B49: FGTS | D49: =ROUND(($D$42*C49),2) -> 0
A50: A | B50: Seguro Acidente de Trabalho e FAP (RAT AJUSTADO - RELATÓRIO SEFIP/GFIP) | D50: =ROUND(($D$42*C50),2) -> 0
A51: B | B51: SEBRAE | D51: =ROUND(($D$42*C51),2) -> 0
A52: Total do Submódulo 2.2 | C52: =SUM(C44:C51) -> 0 | D52: =SUM(D44:D51) -> 0
A53: Submódulo 2.3 - Benefícios Mensais e Diários | D53: Valor (R$)
A54: A | B54: Transporte (Quantidade: 52, Valor da Passagem: R$ 3,50) - 6%
A55: B | B55: Auxílio Alimentação
A56: C | B56: Assistência Médica (CCT)
A57: D | B57: Assistência Odontológica
A58: E | B58: Seguro de vida
A59: F | B59: Auxílio Funeral
A60: G | B60: Outros (especificar)
A61: Total do Submódulo 2.3 | D61: =SUM(D54:D60) -> 0
A63: Quadro-Resumo do Módulo 2 - Encargos e Benefícios anuais, mensais e diários
A64: Item | B64: Encargos e Benefícios Anuais, Mensais e Diários | D64: Valor (R$)
A65: 2.1 | B65: 13º (décimo terceiro) salário e adicional de férias | C65: =C39 -> 0 | D65: =D39 -> 0
A66: 2.2 | B66: GPS, FGTS e outras contribuições | C66: =C52 -> 0 | D66: =D52 -> 0
A67: 2.3 | B67: Benefícios mensais e diários | D67: =D61 -> 0
A68: TOTAL DO MÓDULO 2 | C68: =SUM(C65:C67) -> 0 | D68: =SUM(D65:D67) -> 0
A70: MÓDULO 3 - PROVISÃO PARA RESCISÃO
A71: A | B71: Aviso Prévio Indenizado | C71: 0 | D71: =C71*D33 -> 0
A72: B | B72: Incidência do FGTS sobre o Aviso Prévio Indenizado | C72: 0 | D72: =ROUND((D71*C72),2) -> 0
A73: C | B73: Multa do FGTS e Contribuição Social sobre o Aviso Prévio Indenizado | C73: 0 | D73: =ROUND((D21*C73),2) -> 0
A74: D | B74: Aviso Prévio Trabalhado | C74: 0 | D74: =ROUND(((D21+D68)/12+0.5*D45)*C74,2) -> 0
A75: E | B75: Incidência dos encargos do submódulo 2.2 sobre o Aviso Prévio Trabalhado | C75: 0 | D75: =ROUND((D74*C75),2) -> 0
A76: F | B76: Multa do FGTS e Contribuição Social sobre o Aviso Prévio Trabalhado | C76: 0 | D76: =ROUND(($D$21*C76),2) -> 0
A77: TOTAL DO MÓDULO 3 | C77: =SUM(C71:C76) -> 0 | D77: =ROUND(SUM(D71:D76),2) -> 0
A79: BASE DE CÁLCULO PARA O MÓDULO 4
A80: Submódulo 1.1 + Módulo 2 + Módulo 3 | D80: =D21+D68+D77 -> 0
A82: MÓDULO 4 - CUSTO DE RESPOSIÇÃO DO PROFISSIONAL AUSENTE
A83: 4.1 - Ausências legais
A84: Item | B84: Descrição | C84: Percentual % | D84: Valor (R$)
A85: A | B85: Férias | D85: =ROUND(C85*$D$31,2) -> 0
A86: B | B86: Auxílio Doença | D86: =ROUND(C86*$D$31,2) -> 0
A87: C | B87: Licença paternidade / maternidade | D87: =ROUND(C87*$D$31,2) -> 0
A88: D | B88: Faltas Legais | D88: =ROUND(C88*$D$31,2) -> 0
A89: E | B89: Acidente de Trabalho | D89: =ROUND(C89*$D$31,2) -> 0
A90: F | B90: Treinamento | D90: =ROUND(C90*$D$31,2) -> 0
A91: G | B91: Outros (especificar) | D91: =ROUND(C91*$D$31,2) -> 0
A92: Subtotal do Submódulo 4.1 | D92: =SUM(D85:D91) -> 0
A93: H | B93: Incidência dos encargos do submódulo 2.2 sobre o Módulo 4.1 | D93: =ROUND(C93*D92,2) -> 0
A94: I | B94: Incidência sobre o Salário Maternidade | D94: =ROUND(C94*D92,2) -> 0
A95: TOTAL DO MÓDULO 4 | C95: =SUM(C85:C91,C93) -> 0 | D95: =D93+D94 -> 0
A97: MÓDULO 5 - Insumos Diversos
A98: Item | B98: Descrição | D98: Valor (R$)
A99: A | B99: Uniformes | D99: 0
A100: B | B100: Materiais e Equipamentos
A101: C | B101: Outros (especificar)
A102: TOTAL DO MÓDULO 5 | D102: =SUM(D99:D101) -> 0
A104: BASE DE CÁLCULO PARA O MÓDULO 6
A105: Módulo 1 + Módulo 2 + Módulo 3 + Módulo 4 + Módulo 5 | D105: =SUM(D80+D92+D102) -> 0
B106: Módulo 6 - Custos Indiretos, Tributos e Lucro | C106: Percentual % | D106: Valor (R$)
A107: A | B107: Custos Indiretos | D107: =ROUND(($D$105*C107),2) -> 0
A108: B | B108: Lucro | D108: =ROUND(($D$105*C108),2) -> 0
B109: FATURAMENTO (MT + M6A + M6B) | D109: =D105+D107+D108 -> 0
...

Sheet 04. Hora Noturna
A1: PLANILHA DE CUSTOS E FORMAÇÃO DE PREÇOS
A2: Processo nº
A3: Licitação nº
A4: Data da apresentação da proposta (dia/mês/ano):
A5: Data de apresentação da proposta (mês/ano)
A6: Ano Acordo, Convenção ou Sentença Normativa em Dissídio Coletivo: 2019/2020
A7: Nº de meses de execução contratual: 30 meses
A8: Mão de obra vinculada à execução Contratual: Dedicação Exclusiva
A9: Identificação do Serviço: PRESTAÇÃO CONTINUADA DE SERVIÇOS DE CONDUÇÃO DE VEÍCULOS.
A10: Salário Normativo da Categoria Profissional: R$ 1.983,00
A11: Categoria profissional: Motorista de veículos pesados com capacidade de carga acima de 18.000 kg
A12: Data Base da Categoria (dia/mês/ano): 1º de Maio
A13: IDENTIFICAÇÃO DO SERVIÇO
A14: Item do TR | B14: Descrição | C14: Carga Horária | D14: Remuneração
A15: 4 | B15: Hora noturna reduzida com adicional de 20% sobre o valor da hora normal para os postos de Motorista Especial. | C15: 44h semanais | D15: ='01. Motorista Especial'!D22 -> 0
A16: MÓDULO 1 - COMPOSIÇÃO DA REMUNERAÇÃO
A17: Submódulo 1.1 - Remuneração
A18: Item | B18: Descrição | C18: Percentual % | D18: Valor (R$)
A19: A | B19: Hora Noturna com adicional de 20% sobre as horas trabalhadas. | C19: 1.2 | D19: =(D15/220)*C19 -> 0
A20: B | B20: DSR sobre Horas Extras | D20: =(D19/25)*5 -> 0
A21: Total do Submódulo 1.1 | D21: =ROUND(SUM(D19:D20),2) -> 0
A22: Submódulo 1.2 - Pagamentos sem natureza remuneratória
A23: Item | B23: Descrição | C23: Percentual % | D23: Valor (R$)
A24: A | B24: Adicional de Boa Permanência | D24: 0
A25: B | B25: Intervalo Intrajornada | C25: 0 | D25: =ROUND((C25*D21),2) -> 0
A26: C | B26: Outros (especificar)
A27: Total do Submódulo 1.2 | D27: =ROUND(SUM(D24:D26),2) -> 0
A29: Quadro-Resumo do Módulo 1 - Composição da Remuneração
A30: Item | B30: Encargos e Benefícios Anuais, Mensais e Diários | D30: Valor (R$)
A31: 1.1 | B31: Remuneração | D31: =D21 -> 0
A32: 1.2 | B32: Pagamentos sem natureza remuneratória e incidência | D32: =D27 -> 0
A33: TOTAL DO MÓDULO 1 | D33: =SUM(D31:D32) -> 0
A35: MÓDULO 2 - Encargos e Benefícios Anuais, Mensais e Diários
A36: Submódulo 2.1 - 13º (décimo terceiro) Salário, Férias e Adicional de Férias | C36: Percentual % | D36: Valor (R$)
A37: A | B37: 13º (décimo terceiro) Salário | C37: 0 | D37: =ROUND(($D$21*C37),2) -> 0
A38: B | B38: Adicional de Férias | C38: 0 | D38: =ROUND(($D$21*C38),2) -> 0
A39: Total do Submódulo 2.1 | C39: =SUM(C37:C38) -> 0 | D39: =ROUND(SUM(D37:D38),2) -> 0
A41: BASE DE CÁLCULO PARA O MÓDULO 2.2
A42: Submódulo 1.1 + Submódulo 2.1 | D42: =D21+D39 -> 0
A43: Submódulo 2.2 - Encargos Previdenciários (GPS), Fundo de Garantia por Tempo de Serviço (FGTS) e outras contribuições | C43: Percentual % | D43: Valor (R$)
A44: A | B44: INSS (Previdência Social) | D44: =ROUND(($D$42*C44),2) -> 0
A45: B | B45: SESI ou SESC | D45: =ROUND(($D$42*C45),2) -> 0
A46: A | B46: SENAI OU SENAC | D46: =ROUND(($D$42*C46),2) -> 0
A47: B | B47: INCRA | D47: =ROUND(($D$42*C47),2) -> 0
A48: A | B48: Salário Educação | D48: =ROUND(($D$42*C48),2) -> 0
A49: B | B49: FGTS | D49: =ROUND(($D$42*C49),2) -> 0
A50: A | B50: Seguro Acidente de Trabalho e FAP (RAT AJUSTADO - RELATÓRIO SEFIP/GFIP) | D50: =ROUND(($D$42*C50),2) -> 0
A51: B | B51: SEBRAE | D51: =ROUND(($D$42*C51),2) -> 0
A52: Total do Submódulo 2.2 | C52: =SUM(C44:C51) -> 0 | D52: =SUM(D44:D51) -> 0
A53: Submódulo 2.3 - Benefícios Mensais e Diários | D53: Valor (R$)
A54: A | B54: Transporte (Quantidade: 52, Valor da Passagem: R$ 3,50) - 6%
A55: B | B55: Auxílio Alimentação
A56: C | B56: Assistência Médica (CCT)
A57: D | B57: Assistência Odontológica
A58: E | B58: Seguro de vida
A59: F | B59: Auxílio Funeral
A60: G | B60: Outros (especificar)
A61: Total do Submódulo 2.3 | D61: =SUM(D54:D60) -> 0
A63: Quadro-Resumo do Módulo 2 - Encargos e Benefícios anuais, mensais e diários
A64: Item | B64: Encargos e Benefícios Anuais, Mensais e Diários | D64: Valor (R$)
A65: 2.1 | B65: 13º (décimo terceiro) salário e adicional de férias | C65: =C39 -> 0 | D65: =D39 -> 0
A66: 2.2 | B66: GPS, FGTS e outras contribuições | C66: =C52 -> 0 | D66: =D52 -> 0
A67: 2.3 | B67: Benefícios mensais e diários | D67: =D61 -> 0
A68: TOTAL DO MÓDULO 2 | C68: =SUM(C65:C67) -> 0 | D68: =SUM(D65:D67) -> 0
A70: MÓDULO 3 - PROVISÃO PARA RESCISÃO
A71: A | B71: Aviso Prévio Indenizado | C71: 0 | D71: =C71*D33 -> 0
A72: B | B72: Incidência do FGTS sobre o Aviso Prévio Indenizado | C72: 0 | D72: =ROUND((D71*C72),2) -> 0
A73: C | B73: Multa do FGTS e Contribuição Social sobre o Aviso Prévio Indenizado | C73: 0 | D73: =ROUND((D21*C73),2) -> 0
A74: D | B74: Aviso Prévio Trabalhado | C74: 0 | D74: =ROUND(((D21+D68)/12+0.5*D45)*C74,2) -> 0
A75: E | B75: Incidência dos encargos do submódulo 2.2 sobre o Aviso Prévio Trabalhado | C75: 0 | D75: =ROUND((D74*C75),2) -> 0
A76: F | B76: Multa do FGTS e Contribuição Social sobre o Aviso Prévio Trabalhado | C76: 0 | D76: =ROUND(($D$21*C76),2) -> 0
A77: TOTAL DO MÓDULO 3 | C77: =SUM(C71:C76) -> 0 | D77: =ROUND(SUM(D71:D76),2) -> 0
A79: BASE DE CÁLCULO PARA O MÓDULO 4
A80: Submódulo 1.1 + Módulo 2 + Módulo 3 | D80: =D21+D68+D77 -> 0
A82: MÓDULO 4 - CUSTO DE RESPOSIÇÃO DO PROFISSIONAL AUSENTE
A83: 4.1 - Ausências legais
A84: Item | B84: Descrição | C84: Percentual % | D84: Valor (R$)
A85: A | B85: Férias | C85: 0 | D85: =ROUND(C85*$D$31,2) -> 0
A86: B | B86: Auxílio Doença | C86: 0 | D86: =ROUND(C86*$D$31,2) -> 0
A87: C | B87: Licença paternidade / maternidade | C87: 0 | D87: =ROUND(C87*$D$31,2) -> 0
A88: D | B88: Faltas Legais | C88: 0 | D88: =ROUND(C88*$D$31,2) -> 0
A89: E | B89: Acidente de Trabalho | C89: 0 | D89: =ROUND(C89*$D$31,2) -> 0
A90: F | B90: Treinamento | C90: 0 | D90: =ROUND(C90*$D$31,2) -> 0
A91: G | B91: Outros (especificar) | D91: =ROUND(C91*$D$31,2) -> 0
A92: Subtotal do Submódulo 4.1 | D92: =SUM(D85:D91) -> 0
A93: H | B93: Incidência dos encargos do submódulo 2.2 sobre o Módulo 4.1 | D93: =ROUND(C93*D92,2) -> 0
A94: I | B94: Incidência sobre o Salário Maternidade | D94: =ROUND(C94*D92,2) -> 0
A95: TOTAL DO MÓDULO 4 | C95: =SUM(C85:C91,C93) -> 0 | D95: =D93+D94 -> 0
A97: MÓDULO 5 - Insumos Diversos
A98: Item | B98: Descrição | D98: Valor (R$)
A99: A | B99: Uniformes | D99: 0
A100: B | B100: Materiais e Equipamentos
A101: C | B101: Outros (especificar)
A102: TOTAL DO MÓDULO 5 | D102: =SUM(D99:D101) -> 0
A104: BASE DE CÁLCULO PARA O MÓDULO 6
A105: Módulo 1 + Módulo 2 + Módulo 3 + Módulo 4 + Módulo 5 | D105: =SUM(D80+D92+D102) -> 0
B106: Módulo 6 - Custos Indiretos, Tributos e Lucro | C106: Percentual % | D106: Valor (R$)
A107: A | B107: Custos Indiretos | D107: =ROUND(($D$105*C107),2) -> 0
A108: B | B108: Lucro | D108: =ROUND(($D$105*C108),2) -> 0
B109: FATURAMENTO (MT + M6A + M6B) | D109: =D105+D107+D108 -> 0
...

Sheet 05. Motorista I
A1: PLANILHA DE CUSTOS E FORMAÇÃO DE PREÇOS
A2: Processo nº
A3: Licitação nº
A4: Data da apresentação da proposta (dia/mês/ano):
A5: Data de apresentação da proposta (mês/ano)
A6: Ano Acordo, Convenção ou Sentença Normativa em Dissídio Coletivo: 2019/2020
A7: Nº de meses de execução contratual: 30 meses
A8: Mão de obra vinculada à execução Contratual: Dedicação Exclusiva
A9: Identificação do Serviço: PRESTAÇÃO CONTINUADA DE SERVIÇOS DE CONDUÇÃO DE VEÍCULOS.
A10: Salário Normativo da Categoria Profissional: R$ 1.983,00
A11: Categoria profissional: Motorista de veículos pesados com capacidade de carga acima de 18.000 kg
A12: Data Base da Categoria (dia/mês/ano): 1º de Maio
A13: IDENTIFICAÇÃO DO SERVIÇO
A14: Item do TR | B14: Descrição | C14: Carga Horária | D14: Salário
A15: 5 | B15: Prestação dos serviços de Motorista I para a condução de veículos autorizados pela UFSB. | C15: 44h semanais
A16: MÓDULO 1 - COMPOSIÇÃO DA REMUNERAÇÃO
A17: Submódulo 1.1 - Remuneração
A18: Item | B18: Descrição | C18: Percentual % | D18: Valor (R$)
A19: A | B19: Salário-Base | D19: =D15 -> 0
A20: B | B20: Gratificação | C20: 0 | D20: =ROUND((C20*D15),2) -> 0
A21: C | B21: Outros (especificar)
A22: Total do Submódulo 1.1 | D22: =ROUND(SUM(D19:D21),2) -> 0
A23: Submódulo 1.2 - Pagamentos sem natureza remuneratória
A24: Item | B24: Descrição | C24: Percentual % | D24: Valor (R$)
A25: A | B25: Adicional de Antiguidade | C25: 0.05 | D25: =ROUND(C25*D22,2) -> 0
A26: B | B26: Participação nos Lucros ou Resultados
A27: C | B27: Outros (especificar)
A28: Total do Submódulo 1.2 | D28: =ROUND(SUM(D25:D27),2) -> 0
A30: Quadro-Resumo do Módulo 1 - Composição da Remuneração
A31: Item | B31: Encargos e Benefícios Anuais, Mensais e Diários | D31: Valor (R$)
A32: 1.1 | B32: Remuneração | D32: =D22 -> 0
A33: 1.2 | B33: Pagamentos sem natureza remuneratória e incidência | D33: =D28 -> 0
A34: TOTAL DO MÓDULO 1 | D34: =SUM(D32:D33) -> 0
A36: MÓDULO 2 - Encargos e Benefícios Anuais, Mensais e Diários
A37: Submódulo 2.1 - 13º (décimo terceiro) Salário, Férias e Adicional de Férias | C37: Percentual % | D37: Valor (R$)
A38: A | B38: 13º (décimo terceiro) Salário | D38: =ROUND(($D$22*C38),2) -> 0
A39: B | B39: Adicional de Férias | D39: =ROUND(($D$22*C39),2) -> 0
A40: Total do Submódulo 2.1 | C40: =SUM(C38:C39) -> 0 | D40: =ROUND(SUM(D38:D39),2) -> 0
A42: BASE DE CÁLCULO PARA O MÓDULO 2.2
A43: Submódulo 1.1 + Submódulo 2.1 | D43: =D22+D40 -> 0
A44: Submódulo 2.2 - Encargos Previdenciários (GPS), Fundo de Garantia por Tempo de Serviço (FGTS) e outras contribuições | C44: Percentual % | D44: Valor (R$)
A45: A | B45: INSS (Previdência Social) | D45: =ROUND(($D$43*C45),2) -> 0
A46: B | B46: SESI ou SESC | D46: =ROUND(($D$43*C46),2) -> 0
A47: A | B47: SENAI OU SENAC | D47: =ROUND(($D$43*C47),2) -> 0
A48: B | B48: INCRA | D48: =ROUND(($D$43*C48),2) -> 0
A49: A | B49: Salário Educação | D49: =ROUND(($D$43*C49),2) -> 0
A50: B | B50: FGTS | D50: =ROUND(($D$43*C50),2) -> 0
A51: A | B51: Seguro Acidente de Trabalho e FAP (RAT AJUSTADO - RELATÓRIO SEFIP/GFIP) | D51: =ROUND(($D$43*C51),2) -> 0
A52: B | B52: SEBRAE | D52: =ROUND(($D$43*C52),2) -> 0
A53: Total do Submódulo 2.2 | C53: =SUM(C45:C52) -> 0 | D53: =SUM(D45:D52) -> 0
A54: Submódulo 2.3 - Benefícios Mensais e Diários | D54: Valor (R$)
A55: A | B55: Transporte (Quantidade: 52, Valor da Passagem: R$ 3,50) - 6%
A56: B | B56: Auxílio Alimentação
A57: C | B57: Assistência Médica (CCT)
A58: D | B58: Assistência Odontológica
A59: E | B59: Seguro de vida
A60: F | B60: Auxílio Funeral
A61: G | B61: Outros (especificar)
A62: Total do Submódulo 2.3 | D62: =SUM(D55:D61) -> 0
A64: Quadro-Resumo do Módulo 2 - Encargos e Benefícios anuais, mensais e diários
A65: Item | B65: Encargos e Benefícios Anuais, Mensais e Diários | D65: Valor (R$)
A66: 2.1 | B66: 13º (décimo terceiro) salário e adicional de férias | D66: =D40 -> 0
A67: 2.2 | B67: GPS, FGTS e outras contribuições | D67: =D53 -> 0
A68: 2.3 | B68: Benefícios mensais e diários | D68: =D62 -> 0
A69: TOTAL DO MÓDULO 2 | C69: =SUM(C66:C68) -> 0 | D69: =SUM(D66:D68) -> 0
A71: MÓDULO 3 - PROVISÃO PARA RESCISÃO
A72: A | B72: Aviso Prévio Indenizado | D72: =ROUND(C72*D34,2) -> 0
A73: B | B73: Incidência do FGTS sobre o Aviso Prévio Indenizado | D73: =ROUND((D72*C73),2) -> 0
A74: C | B74: Multa do FGTS e Contribuição Social sobre o Aviso Prévio Indenizado | D74: =C74*D43 -> 0
A75: D | B75: Aviso Prévio Trabalhado | C75: =7/30/12 -> 0.019444444 | D75: =C75*D43 -> 0
A76: E | B76: Incidência dos encargos do submódulo 2.2 sobre o Aviso Prévio Trabalhado | D76: =ROUND((D75*C76),2) -> 0
A77: F | B77: Multa do FGTS e Contribuição Social sobre o Aviso Prévio Trabalhado | D77: =ROUND(($D$22*C77),2) -> 0
A78: TOTAL DO MÓDULO 3 | C78: =SUM(C72:C77) -> 0.019444444 | D78: =ROUND(SUM(D72:D77),2) -> 0
A80: BASE DE CÁLCULO PARA O MÓDULO 4
A81: Submódulo 1.1 + Módulo 2 + Módulo 3 | D81: =D22+D69+D78 -> 0
A83: MÓDULO 4 - CUSTO DE RESPOSIÇÃO DO PROFISSIONAL AUSENTE
A84: 4.1 - Ausências legais
A85: Item | B85: Descrição | C85: Percentual % | D85: Valor (R$)
A86: A | B86: Férias | D86: =ROUND(C86*$D$32,2) -> 0
A87: B | B87: Auxílio Doença | D87: =ROUND(C87*$D$32,2) -> 0
A88: C | B88: Licença paternidade / maternidade | D88: =ROUND(C88*$D$32,2) -> 0
A89: D | B89: Faltas Legais | D89: =ROUND(C89*$D$32,2) -> 0
A90: E | B90: Acidente de Trabalho | D90: =ROUND(C90*$D$32,2) -> 0
A91: G | B91: Outros (especificar) | D91: =ROUND(C91*$D$32,2) -> 0
A92: Subtotal do Submódulo 4.1 | C92: =SUM(C86:C91) -> 0 | D92: =SUM(D86:D91) -> 0
A93: H | B93: Incidência dos encargos do submódulo 2.2 sobre o Módulo 4.1 | D93: =ROUND(C93*D92,2) -> 0
A94: I | B94: Incidência sobre o Salário Maternidade | D94: =ROUND(C94*D92,2) -> 0
A95: TOTAL DO MÓDULO 4 | C95: =SUM(C86:C91,C93,C94) -> 0 | D95: =D93+D94 -> 0
A97: MÓDULO 5 - Insumos Diversos
A98: Item | B98: Descrição | D98: Valor (R$)
A99: A | B99: Uniformes | D99: =UNIFORMES!F27 -> 0
A100: B | B100: Materiais e Equipamentos | D100: ='MAT. E EQUIP.'!F7 -> 0
A101: C | B101: Outros (especificar)
A102: TOTAL DO MÓDULO 5 | D102: =SUM(D99:D101) -> 0
A104: BASE DE CÁLCULO PARA O MÓDULO 6
A105: Módulo 1 + Módulo 2 + Módulo 3 + Módulo 4 + Módulo 5 | D105: =SUM(D81+D92+D102) -> 0
B106: Módulo 6 - Custos Indiretos, Tributos e Lucro | C106: Percentual % | D106: Valor (R$)
A107: A | B107: Custos Indiretos | D107: =ROUND(($D$105*C107),2) -> 0
A108: B | B108: Lucro | D108: =ROUND(($D$105*C108),2) -> 0
B109: FATURAMENTO (MT + M6A + M6B) | D109: =D105+D107+D108 -> 0
...

Sheet 06. Hora 50%
A1: PLANILHA DE CUSTOS E FORMAÇÃO DE PREÇOS
A2: Processo nº
A3: Licitação nº
A4: Data da apresentação da proposta (dia/mês/ano):
A5: Data de apresentação da proposta (mês/ano)
A6: Ano Acordo, Convenção ou Sentença Normativa em Dissídio Coletivo: 2019/2020
A7: Nº de meses de execução contratual: 30 meses
A8: Mão de obra vinculada à execução Contratual: Dedicação Exclusiva
A9: Identificação do Serviço: PRESTAÇÃO CONTINUADA DE SERVIÇOS DE CONDUÇÃO DE VEÍCULOS.
A10: Salário Normativo da Categoria Profissional: R$ 1.983,00
A11: Categoria profissional: Motorista de veículos pesados com capacidade de carga acima de 18.000 kg
A12: Data Base da Categoria (dia/mês/ano): 1º de Maio
A13: IDENTIFICAÇÃO DO SERVIÇO
A14: Item do TR | B14: Descrição | C14: Carga Horária | D14: Salário
A15: 6 | B15: Hora extraordinária remunerada com adicional de 50% sobre as horas normais para o posto de Motorista I. | C15: 44h semanais
A16: MÓDULO 1 - COMPOSIÇÃO DA REMUNERAÇÃO
A17: Submódulo 1.1 - Remuneração
A18: Item | B18: Descrição | C18: Percentual % | D18: Valor (R$)
A19: A | B19: Hora extraordinária remunerada com adicional de 50% sobre as horas normais. | C19: 1.5 | D19: =(D15/220)*C19 -> 0
A20: B | B20: DSR sobre Horas Extras | D20: =(D19/25)*5 -> 0
A21: Total do Submódulo 1.1 | D21: =ROUND(SUM(D19:D20),2) -> 0
A22: Submódulo 1.2 - Pagamentos sem natureza remuneratória
A23: Item | B23: Descrição | C23: Percentual % | D23: Valor (R$)
A24: A | B24: Adicional de Boa Permanência | D24: 0
A25: B | B25: Intervalo Intrajornada | C25: 0 | D25: =ROUND((C25*D21),2) -> 0
A26: C | B26: Outros (especificar)
A27: Total do Submódulo 1.2 | D27: =ROUND(SUM(D24:D26),2) -> 0
A29: Quadro-Resumo do Módulo 1 - Composição da Remuneração
A30: Item | B30: Encargos e Benefícios Anuais, Mensais e Diários | D30: Valor (R$)
A31: 1.1 | B31: Remuneração | D31: =D21 -> 0
A32: 1.2 | B32: Pagamentos sem natureza remuneratória e incidência | D32: =D27 -> 0
A33: TOTAL DO MÓDULO 1 | D33: =SUM(D31:D32) -> 0
A35: MÓDULO 2 - Encargos e Benefícios Anuais, Mensais e Diários
A36: Submódulo 2.1 - 13º (décimo terceiro) Salário, Férias e Adicional de Férias | C36: Percentual % | D36: Valor (R$)
A37: A | B37: 13º (décimo terceiro) Salário | C37: 0 | D37: =ROUND(($D$21*C37),2) -> 0
A38: B | B38: Adicional de Férias | C38: 0 | D38: =ROUND(($D$21*C38),2) -> 0
A39: Total do Submódulo 2.1 | C39: =SUM(C37:C38) -> 0 | D39: =ROUND(SUM(D37:D38),2) -> 0
A41: BASE DE CÁLCULO PARA O MÓDULO 2.2
A42: Submódulo 1.1 + Submódulo 2.1 | D42: =D21+D39 -> 0
A43: Submódulo 2.2 - Encargos Previdenciários (GPS), Fundo de Garantia por Tempo de Serviço (FGTS) e outras contribuições | C43: Percentual % | D43: Valor (R$)
A44: A | B44: INSS (Previdência Social) | D44: =ROUND(($D$42*C44),2) -> 0
A45: B | B45: SESI ou SESC | D45: =ROUND(($D$42*C45),2) -> 0
A46: A | B46: SENAI OU SENAC | D46: =ROUND(($D$42*C46),2) -> 0
A47: B | B47: INCRA | D47: =ROUND(($D$42*C47),2) -> 0
A48: A | B48: Salário Educação | D48: =ROUND(($D$42*C48),2) -> 0
A49: B | B49: FGTS | D49: =ROUND(($D$42*C49),2) -> 0
A50: A | B50: Seguro Acidente de Trabalho e FAP (RAT AJUSTADO - RELATÓRIO SEFIP/GFIP) | D50: =ROUND(($D$42*C50),2) -> 0
A51: B | B51: SEBRAE | D51: =ROUND(($D$42*C51),2) -> 0
A52: Total do Submódulo 2.2 | C52: =SUM(C44:C51) -> 0 | D52: =SUM(D44:D51) -> 0
A53: Submódulo 2.3 - Benefícios Mensais e Diários | D53: Valor (R$)
A54: A | B54: Transporte (Quantidade: 52, Valor da Passagem: R$ 3,50) - 6%
A55: B | B55: Auxílio Alimentação
A56: C | B56: Assistência Médica (CCT)
A57: D | B57: Assistência Odontológica
A58: E | B58: Seguro de vida
A59: F | B59: Auxílio Funeral
A60: G | B60: Outros (especificar)
A61: Total do Submódulo 2.3 | D61: =SUM(D54:D60) -> 0
A63: Quadro-Resumo do Módulo 2 - Encargos e Benefícios anuais, mensais e diários
A64: Item | B64: Encargos e Benefícios Anuais, Mensais e Diários | D64: Valor (R$)
A65: 2.1 | B65: 13º (décimo terceiro) salário e adicional de férias | C65: =C39 -> 0 | D65: =D39 -> 0
A66: 2.2 | B66: GPS, FGTS e outras contribuições | C66: =C52 -> 0 | D66: =D52 -> 0
A67: 2.3 | B67: Benefícios mensais e diários | D67: =D61 -> 0
A68: TOTAL DO MÓDULO 2 | C68: =SUM(C65:C67) -> 0 | D68: =SUM(D65:D67) -> 0
A70: MÓDULO 3 - PROVISÃO PARA RESCISÃO
A71: A | B71: Aviso Prévio Indenizado | C71: 0 | D71: =C71*D33 -> 0
A72: B | B72: Incidência do FGTS sobre o Aviso Prévio Indenizado | C72: 0 | D72: =ROUND((D71*C72),2) -> 0
A73: C | B73: Multa do FGTS e Contribuição Social sobre o Aviso Prévio Indenizado | C73: 0 | D73: =ROUND((D21*C73),2) -> 0
A74: D | B74: Aviso Prévio Trabalhado | C74: 0 | D74: =ROUND(((D21+D68)/12+0.5*D45)*C74,2) -> 0
A75: E | B75: Incidência dos encargos do submódulo 2.2 sobre o Aviso Prévio Trabalhado | C75: 0 | D75: =ROUND((D74*C75),2) -> 0
A76: F | B76: Multa do FGTS e Contribuição Social sobre o Aviso Prévio Trabalhado | C76: 0 | D76: =ROUND(($D$21*C76),2) -> 0
A77: TOTAL DO MÓDULO 3 | C77: =SUM(C71:C76) -> 0 | D77: =ROUND(SUM(D71:D76),2) -> 0
A79: BASE DE CÁLCULO PARA O MÓDULO 4
A80: Submódulo 1.1 + Módulo 2 + Módulo 3 | D80: =D21+D68+D77 -> 0
A82: MÓDULO 4 - CUSTO DE RESPOSIÇÃO DO PROFISSIONAL AUSENTE
A83: 4.1 - Ausências legais
A84: Item | B84: Descrição | C84: Percentual % | D84: Valor (R$)
A85: A | B85: Férias | D85: =ROUND(C85*$D$31,2) -> 0
A86: B | B86: Auxílio Doença | D86: =ROUND(C86*$D$31,2) -> 0
A87: C | B87: Licença paternidade / maternidade | D87: =ROUND(C87*$D$31,2) -> 0
A88: D | B88: Faltas Legais | D88: =ROUND(C88*$D$31,2) -> 0
A89: E | B89: Acidente de Trabalho | D89: =ROUND(C89*$D$31,2) -> 0
A90: F | B90: Treinamento | D90: =ROUND(C90*$D$31,2) -> 0
A91: G | B91: Outros (especificar) | D91: =ROUND(C91*$D$31,2) -> 0
A92: Subtotal do Submódulo 4.1 | D92: =SUM(D85:D91) -> 0
A93: H | B93: Incidência dos encargos do submódulo 2.2 sobre o Módulo 4.1 | D93: =ROUND(C93*D92,2) -> 0
A94: I | B94: Incidência sobre o Salário Maternidade | D94: =ROUND(C94*D92,2) -> 0
A95: TOTAL DO MÓDULO 4 | C95: =SUM(C85:C91,C93) -> 0 | D95: =D93+D94 -> 0
A97: MÓDULO 5 - Insumos Diversos
A98: Item | B98: Descrição | D98: Valor (R$)
A99: A | B99: Uniformes | D99: 0
A100: B | B100: Materiais e Equipamentos
A101: C | B101: Outros (especificar)
A102: TOTAL DO MÓDULO 5 | D102: =SUM(D99:D101) -> 0
A104: BASE DE CÁLCULO PARA O MÓDULO 6
A105: Módulo 1 + Módulo 2 + Módulo 3 + Módulo 4 + Módulo 5 | D105: =SUM(D80+D92+D102) -> 0
B106: Módulo 6 - Custos Indiretos, Tributos e Lucro | C106: Percentual % | D106: Valor (R$)
A107: A | B107: Custos Indiretos | D107: =ROUND(($D$105*C107),2) -> 0
A108: B | B108: Lucro | D108: =ROUND(($D$105*C108),2) -> 0
B109: FATURAMENTO (MT + M6A + M6B) | D109: =D105+D107+D108 -> 0
...

Sheet 07. Hora 100%
A1: PLANILHA DE CUSTOS E FORMAÇÃO DE PREÇOS
A2: Processo nº
A3: Licitação nº
A4: Data da apresentação da proposta (dia/mês/ano):
A5: Data de apresentação da proposta (mês/ano)
A6: Ano Acordo, Convenção ou Sentença Normativa em Dissídio Coletivo: 2019/2020
A7: Nº de meses de execução contratual: 30 meses
A8: Mão de obra vinculada à execução Contratual: Dedicação Exclusiva
A9: Identificação do Serviço: PRESTAÇÃO CONTINUADA DE SERVIÇOS DE CONDUÇÃO DE VEÍCULOS.
A10: Salário Normativo da Categoria Profissional: R$ 1.983,00
A11: Categoria profissional: Motorista de veículos pesados com capacidade de carga acima de 18.000 kg
A12: Data Base da Categoria (dia/mês/ano): 1º de Maio
A13: IDENTIFICAÇÃO DO SERVIÇO
A14: Item do TR | B14: Descrição | C14: Carga Horária | D14: Salário
A15: 7 | B15: Hora extraordinária remunerada com adicional de 100% sobre as horas normais para o posto de Motorista I. | C15: 44h semanais
A16: MÓDULO 1 - COMPOSIÇÃO DA REMUNERAÇÃO
A17: Submódulo 1.1 - Remuneração
A18: Item | B18: Descrição | C18: Percentual % | D18: Valor (R$)
A19: A | B19: Hora extraordinária remunerada com adicional de 100% sobre as horas normais. | C19: 2 | D19: =(D15/220)*C19 -> 0
A20: B | B20: DSR sobre Horas Extras | D20: =(D19/25)*5 -> 0
A21: Total do Submódulo 1.1 | D21: =ROUND(SUM(D19:D20),2) -> 0
A22: Submódulo 1.2 - Pagamentos sem natureza remuneratória
A23: Item | B23: Descrição | C23: Percentual % | D23: Valor (R$)
A24: A | B24: Adicional de Boa Permanência | D24: 0
A25: B | B25: Intervalo Intrajornada | C25: 0 | D25: =ROUND((C25*D21),2) -> 0
A26: C | B26: Outros (especificar)
A27: Total do Submódulo 1.2 | D27: =ROUND(SUM(D24:D26),2) -> 0
A29: Quadro-Resumo do Módulo 1 - Composição da Remuneração
A30: Item | B30: Encargos e Benefícios Anuais, Mensais e Diários | D30: Valor (R$)
A31: 1.1 | B31: Remuneração | D31: =D21 -> 0
A32: 1.2 | B32: Pagamentos sem natureza remuneratória e incidência | D32: =D27 -> 0
A33: TOTAL DO MÓDULO 1 | D33: =SUM(D31:D32) -> 0
A35: MÓDULO 2 - Encargos e Benefícios Anuais, Mensais e Diários
A36: Submódulo 2.1 - 13º (décimo terceiro) Salário, Férias e Adicional de Férias | C36: Percentual % | D36: Valor (R$)
A37: A | B37: 13º (décimo terceiro) Salário | C37: 0 | D37: =ROUND(($D$21*C37),2) -> 0
A38: B | B38: Adicional de Férias | C38: 0 | D38: =ROUND(($D$21*C38),2) -> 0
A39: Total do Submódulo 2.1 | C39: =SUM(C37:C38) -> 0 | D39: =ROUND(SUM(D37:D38),2) -> 0
A41: BASE DE CÁLCULO PARA O MÓDULO 2.2
A42: Submódulo 1.1 + Submódulo 2.1 | D42: =D21+D39 -> 0
A43: Submódulo 2.2 - Encargos Previdenciários (GPS), Fundo de Garantia por Tempo de Serviço (FGTS) e outras contribuições | C43: Percentual % | D43: Valor (R$)
A44: A | B44: INSS (Previdência Social) | D44: =ROUND(($D$42*C44),2) -> 0
A45: B | B45: SESI ou SESC | D45: =ROUND(($D$42*C45),2) -> 0
A46: A | B46: SENAI OU SENAC | D46: =ROUND(($D$42*C46),2) -> 0
A47: B | B47: INCRA | D47: =ROUND(($D$42*C47),2) -> 0
A48: A | B48: Salário Educação | D48: =ROUND(($D$42*C48),2) -> 0
A49: B | B49: FGTS | D49: =ROUND(($D$42*C49),2) -> 0
A50: A | B50: Seguro Acidente de Trabalho e FAP (RAT AJUSTADO - RELATÓRIO SEFIP/GFIP) | D50: =ROUND(($D$42*C50),2) -> 0
A51: B | B51: SEBRAE | D51: =ROUND(($D$42*C51),2) -> 0
A52: Total do Submódulo 2.2 | C52: =SUM(C44:C51) -> 0 | D52: =SUM(D44:D51) -> 0
A53: Submódulo 2.3 - Benefícios Mensais e Diários | D53: Valor (R$)
A54: A | B54: Transporte (Quantidade: 52, Valor da Passagem: R$ 3,50) - 6%
A55: B | B55: Auxílio Alimentação
A56: C | B56: Assistência Médica (CCT)
A57: D | B57: Assistência Odontológica
A58: E | B58: Seguro de vida
A59: F | B59: Auxílio Funeral
A60: G | B60: Outros (especificar)
A61: Total do Submódulo 2.3 | D61: =SUM(D54:D60) -> 0
A63: Quadro-Resumo do Módulo 2 - Encargos e Benefícios anuais, mensais e diários
A64: Item | B64: Encargos e Benefícios Anuais, Mensais e Diários | D64: Valor (R$)
A65: 2.1 | B65: 13º (décimo terceiro) salário e adicional de férias | C65: =C39 -> 0 | D65: =D39 -> 0
A66: 2.2 | B66: GPS, FGTS e outras contribuições | C66: =C52 -> 0 | D66: =D52 -> 0
A67: 2.3 | B67: Benefícios mensais e diários | D67: =D61 -> 0
A68: TOTAL DO MÓDULO 2 | C68: =SUM(C65:C67) -> 0 | D68: =SUM(D65:D67) -> 0
A70: MÓDULO 3 - PROVISÃO PARA RESCISÃO
A71: A | B71: Aviso Prévio Indenizado | C71: 0 | D71: =C71*D33 -> 0
A72: B | B72: Incidência do FGTS sobre o Aviso Prévio Indenizado | C72: 0 | D72: =ROUND((D71*C72),2) -> 0
A73: C | B73: Multa do FGTS e Contribuição Social sobre o Aviso Prévio Indenizado | C73: 0 | D73: =ROUND((D21*C73),2) -> 0
A74: D | B74: Aviso Prévio Trabalhado | C74: 0 | D74: =ROUND(((D21+D68)/12+0.5*D45)*C74,2) -> 0
A75: E | B75: Incidência dos encargos do submódulo 2.2 sobre o Aviso Prévio Trabalhado | C75: 0 | D75: =ROUND((D74*C75),2) -> 0
A76: F | B76: Multa do FGTS e Contribuição Social sobre o Aviso Prévio Trabalhado | C76: 0 | D76: =ROUND(($D$21*C76),2) -> 0
A77: TOTAL DO MÓDULO 3 | C77: =SUM(C71:C76) -> 0 | D77: =ROUND(SUM(D71:D76),2) -> 0
A79: BASE DE CÁLCULO PARA O MÓDULO 4
A80: Submódulo 1.1 + Módulo 2 + Módulo 3 | D80: =D21+D68+D77 -> 0
A82: MÓDULO 4 - CUSTO DE RESPOSIÇÃO DO PROFISSIONAL AUSENTE
A83: 4.1 - Ausências legais
A84: Item | B84: Descrição | C84: Percentual % | D84: Valor (R$)
A85: A | B85: Férias | C85: 0 | D85: =ROUND(C85*$D$31,2) -> 0
A86: B | B86: Auxílio Doença | C86: 0 | D86: =ROUND(C86*$D$31,2) -> 0
A87: C | B87: Licença paternidade / maternidade | C87: 0 | D87: =ROUND(C87*$D$31,2) -> 0
A88: D | B88: Faltas Legais | C88: 0 | D88: =ROUND(C88*$D$31,2) -> 0
A89: E | B89: Acidente de Trabalho | C89: 0 | D89: =ROUND(C89*$D$31,2) -> 0
A90: F | B90: Treinamento | C90: 0 | D90: =ROUND(C90*$D$31,2) -> 0
A91: G | B91: Outros (especificar) | D91: =ROUND(C91*$D$31,2) -> 0
A92: Subtotal do Submódulo 4.1 | D92: =SUM(D85:D91) -> 0
A93: H | B93: Incidência dos encargos do submódulo 2.2 sobre o Módulo 4.1 | D93: =ROUND(C93*D92,2) -> 0
A94: I | B94: Incidência sobre o Salário Maternidade | D94: =ROUND(C94*D92,2) -> 0
A95: TOTAL DO MÓDULO 4 | C95: =SUM(C85:C91,C93) -> 0 | D95: =D93+D94 -> 0
A97: MÓDULO 5 - Insumos Diversos
A98: Item | B98: Descrição | D98: Valor (R$)
A99: A | B99: Uniformes | D99: 0
A100: B | B100: Materiais e Equipamentos
A101: C | B101: Outros (especificar)
A102: TOTAL DO MÓDULO 5 | D102: =SUM(D99:D101) -> 0
A104: BASE DE CÁLCULO PARA O MÓDULO 6
A105: Módulo 1 + Módulo 2 + Módulo 3 + Módulo 4 + Módulo 5 | D105: =SUM(D80+D92+D102) -> 0
B106: Módulo 6 - Custos Indiretos, Tributos e Lucro | C106: Percentual % | D106: Valor (R$)
A107: A | B107: Custos Indiretos | D107: =ROUND(($D$105*C107),2) -> 0
A108: B | B108: Lucro | D108: =ROUND(($D$105*C108),2) -> 0
B109: FATURAMENTO (MT + M6A + M6B) | D109: =D105+D107+D108 -> 0
...

Sheet 08. Hora Noturna
A1: PLANILHA DE CUSTOS E FORMAÇÃO DE PREÇOS
A2: Processo nº
A3: Licitação nº
A4: Data da apresentação da proposta (dia/mês/ano):
A5: Data de apresentação da proposta (mês/ano)
A6: Ano Acordo, Convenção ou Sentença Normativa em Dissídio Coletivo: 2019/2020
A7: Nº de meses de execução contratual: 30 meses
A8: Mão de obra vinculada à execução Contratual: Dedicação Exclusiva
A9: Identificação do Serviço: PRESTAÇÃO CONTINUADA DE SERVIÇOS DE CONDUÇÃO DE VEÍCULOS.
A10: Salário Normativo da Categoria Profissional: R$ 1.983,00
A11: Categoria profissional: Motorista de veículos pesados com capacidade de carga acima de 18.000 kg
A12: Data Base da Categoria (dia/mês/ano): 1º de Maio
A13: IDENTIFICAÇÃO DO SERVIÇO
A14: Item do TR | B14: Descrição | C14: Carga Horária | D14: Salário
A15: 8 | B15: Hora noturna reduzida com adicional de 20% sobre o valor da hora normal para os postos de Motorista I. | C15: 44h semanais
A16: MÓDULO 1 - COMPOSIÇÃO DA REMUNERAÇÃO
A17: Submódulo 1.1 - Remuneração
A18: Item | B18: Descrição | C18: Percentual % | D18: Valor (R$)
A19: A | B19: Hora Noturna com adicional de 20% sobre as horas trabalhadas. | C19: 1.2 | D19: =(D15/220)*C19 -> 0
A20: B | B20: DSR sobre Horas Extras | D20: =(D19/25)*5 -> 0
A21: Total do Submódulo 1.1 | D21: =ROUND(SUM(D19:D20),2) -> 0
A22: Submódulo 1.2 - Pagamentos sem natureza remuneratória
A23: Item | B23: Descrição | C23: Percentual % | D23: Valor (R$)
A24: A | B24: Adicional de Boa Permanência | D24: 0
A25: B | B25: Intervalo Intrajornada | C25: 0 | D25: =ROUND((C25*D21),2) -> 0
A26: C | B26: Outros (especificar)
A27: Total do Submódulo 1.2 | D27: =ROUND(SUM(D24:D26),2) -> 0
A29: Quadro-Resumo do Módulo 1 - Composição da Remuneração
A30: Item | B30: Encargos e Benefícios Anuais, Mensais e Diários | D30: Valor (R$)
A31: 1.1 | B31: Remuneração | D31: =D21 -> 0
A32: 1.2 | B32: Pagamentos sem natureza remuneratória e incidência | D32: =D27 -> 0
A33: TOTAL DO MÓDULO 1 | D33: =SUM(D31:D32) -> 0
A35: MÓDULO 2 - Encargos e Benefícios Anuais, Mensais e Diários
A36: Submódulo 2.1 - 13º (décimo terceiro) Salário, Férias e Adicional de Férias | C36: Percentual % | D36: Valor (R$)
A37: A | B37: 13º (décimo terceiro) Salário | C37: 0 | D37: =ROUND(($D$21*C37),2) -> 0
A38: B | B38: Adicional de Férias | C38: 0 | D38: =ROUND(($D$21*C38),2) -> 0
A39: Total do Submódulo 2.1 | C39: =SUM(C37:C38) -> 0 | D39: =ROUND(SUM(D37:D38),2) -> 0
A41: BASE DE CÁLCULO PARA O MÓDULO 2.2
A42: Submódulo 1.1 + Submódulo 2.1 | D42: =D21+D39 -> 0
A43: Submódulo 2.2 - Encargos Previdenciários (GPS), Fundo de Garantia por Tempo de Serviço (FGTS) e outras contribuições | C43: Percentual % | D43: Valor (R$)
A44: A | B44: INSS (Previdência Social) | D44: =ROUND(($D$42*C44),2) -> 0
A45: B | B45: SESI ou SESC | D45: =ROUND(($D$42*C45),2) -> 0
A46: A | B46: SENAI OU SENAC | D46: =ROUND(($D$42*C46),2) -> 0
A47: B | B47: INCRA | D47: =ROUND(($D$42*C47),2) -> 0
A48: A | B48: Salário Educação | D48: =ROUND(($D$42*C48),2) -> 0
A49: B | B49: FGTS | D49: =ROUND(($D$42*C49),2) -> 0
A50: A | B50: Seguro Acidente de Trabalho e FAP (RAT AJUSTADO - RELATÓRIO SEFIP/GFIP) | D50: =ROUND(($D$42*C50),2) -> 0
A51: B | B51: SEBRAE | D51: =ROUND(($D$42*C51),2) -> 0
A52: Total do Submódulo 2.2 | C52: =SUM(C44:C51) -> 0 | D52: =SUM(D44:D51) -> 0
A53: Submódulo 2.3 - Benefícios Mensais e Diários | D53: Valor (R$)
A54: A | B54: Transporte (Quantidade: 52, Valor da Passagem: R$ 3,50) - 6%
A55: B | B55: Auxílio Alimentação
A56: C | B56: Assistência Médica (CCT)
A57: D | B57: Assistência Odontológica
A58: E | B58: Seguro de vida
A59: F | B59: Auxílio Funeral
A60: G | B60: Outros (especificar)
A61: Total do Submódulo 2.3 | D61: =SUM(D54:D60) -> 0
A63: Quadro-Resumo do Módulo 2 - Encargos e Benefícios anuais, mensais e diários
A64: Item | B64: Encargos e Benefícios Anuais, Mensais e Diários | D64: Valor (R$)
A65: 2.1 | B65: 13º (décimo terceiro) salário e adicional de férias | C65: =C39 -> 0 | D65: =D39 -> 0
A66: 2.2 | B66: GPS, FGTS e outras contribuições | C66: =C52 -> 0 | D66: =D52 -> 0
A67: 2.3 | B67: Benefícios mensais e diários | D67: =D61 -> 0
A68: TOTAL DO MÓDULO 2 | C68: =SUM(C65:C67) -> 0 | D68: =SUM(D65:D67) -> 0
A70: MÓDULO 3 - PROVISÃO PARA RESCISÃO
A71: A | B71: Aviso Prévio Indenizado | C71: 0 | D71: =C71*D33 -> 0
A72: B | B72: Incidência do FGTS sobre o Aviso Prévio Indenizado | C72: 0 | D72: =ROUND((D71*C72),2) -> 0
A73: C | B73: Multa do FGTS e Contribuição Social sobre o Aviso Prévio Indenizado | C73: 0 | D73: =ROUND((D21*C73),2) -> 0
A74: D | B74: Aviso Prévio Trabalhado | C74: 0 | D74: =ROUND(((D21+D68)/12+0.5*D45)*C74,2) -> 0
A75: E | B75: Incidência dos encargos do submódulo 2.2 sobre o Aviso Prévio Trabalhado | C75: 0 | D75: =ROUND((D74*C75),2) -> 0
A76: F | B76: Multa do FGTS e Contribuição Social sobre o Aviso Prévio Trabalhado | C76: 0 | D76: =ROUND(($D$21*C76),2) -> 0
A77: TOTAL DO MÓDULO 3 | C77: =SUM(C71:C76) -> 0 | D77: =ROUND(SUM(D71:D76),2) -> 0
A79: BASE DE CÁLCULO PARA O MÓDULO 4
A80: Submódulo 1.1 + Módulo 2 + Módulo 3 | D80: =D21+D68+D77 -> 0
A82: MÓDULO 4 - CUSTO DE RESPOSIÇÃO DO PROFISSIONAL AUSENTE
A83: 4.1 - Ausências legais
A84: Item | B84: Descrição | C84: Percentual % | D84: Valor (R$)
A85: A | B85: Férias | D85: =ROUND(C85*$D$31,2) -> 0
A86: B | B86: Auxílio Doença | D86: =ROUND(C86*$D$31,2) -> 0
A87: C | B87: Licença paternidade / maternidade | D87: =ROUND(C87*$D$31,2) -> 0
A88: D | B88: Faltas Legais | D88: =ROUND(C88*$D$31,2) -> 0
A89: E | B89: Acidente de Trabalho | D89: =ROUND(C89*$D$31,2) -> 0
A90: F | B90: Treinamento | D90: =ROUND(C90*$D$31,2) -> 0
A91: G | B91: Outros (especificar) | D91: =ROUND(C91*$D$31,2) -> 0
A92: Subtotal do Submódulo 4.1 | D92: =SUM(D85:D91) -> 0
A93: H | B93: Incidência dos encargos do submódulo 2.2 sobre o Módulo 4.1 | D93: =ROUND(C93*D92,2) -> 0
A94: I | B94: Incidência sobre o Salário Maternidade | D94: =ROUND(C94*D92,2) -> 0
A95: TOTAL DO MÓDULO 4 | C95: =SUM(C85:C91,C93) -> 0 | D95: =D93+D94 -> 0
A97: MÓDULO 5 - Insumos Diversos
A98: Item | B98: Descrição | D98: Valor (R$)
A99: A | B99: Uniformes | D99: 0
A100: B | B100: Materiais e Equipamentos
A101: C | B101: Outros (especificar)
A102: TOTAL DO MÓDULO 5 | D102: =SUM(D99:D101) -> 0
A104: BASE DE CÁLCULO PARA O MÓDULO 6
A105: Módulo 1 + Módulo 2 + Módulo 3 + Módulo 4 + Módulo 5 | D105: =SUM(D80+D92+D102) -> 0
B106: Módulo 6 - Custos Indiretos, Tributos e Lucro | C106: Percentual % | D106: Valor (R$)
A107: A | B107: Custos Indiretos | D107: =ROUND(($D$105*C107),2) -> 0
A108: B | B108: Lucro | D108: =ROUND(($D$105*C108),2) -> 0
B109: FATURAMENTO (MT + M6A + M6B) | D109: =D105+D107+D108 -> 0
...

Sheet 09. Diárias
A1: PLANILHA DE CUSTOS E FORMAÇÃO DE PREÇOS
A2: Processo nº
A3: Licitação nº
A4: Data da apresentação da proposta (dia/mês/ano):
A5: Data de apresentação da proposta (mês/ano)
A6: Ano Acordo, Convenção ou Sentença Normativa em Dissídio Coletivo: 2019/2020
A7: Nº de meses de execução contratual: 30 meses
A8: Mão de obra vinculada à execução Contratual: Dedicação Exclusiva
A9: Identificação do Serviço: PRESTAÇÃO CONTINUADA DE SERVIÇOS DE CONDUÇÃO DE VEÍCULOS.
A10: Salário Normativo da Categoria Profissional: R$ 1.983,00
A11: Categoria profissional: Motorista de veículos pesados com capacidade de carga acima de 18.000 kg
A12: Data Base da Categoria (dia/mês/ano): 1º de Maio
A13: IDENTIFICAÇÃO DO SERVIÇO
A14: Item do TR | B14: Descrição | C14: Carga Horária | D14: Salário
A15: 1 | B15: Prestação dos serviços de Motorisa Especial para a condução de veículos autorizados pela UFSB. | C15: 44h semanais
A16: MÓDULO 1 - COMPOSIÇÃO DA REMUNERAÇÃO
A17: Submódulo 1.1 - Remuneração
A18: Item | B18: Descrição | C18: Percentual % | D18: Valor (R$)
A19: A | B19: Diária (Pernoite) | C19: 1
A20: Total do Submódulo 1.1 | D20: =ROUND(SUM(D19:D19),2) -> 0
A21: Submódulo 1.2 - Pagamentos sem natureza remuneratória
A22: Item | B22: Descrição | C22: Percentual % | D22: Valor (R$)
A23: A | B23: Adicional de Boa Permanência | D23: 0
A24: B | B24: Intervalo Intrajornada | C24: 0 | D24: =ROUND((C24*D20),2) -> 0
A25: C | B25: Outros (especificar)
A26: Total do Submódulo 1.2 | D26: =ROUND(SUM(D23:D25),2) -> 0
A28: Quadro-Resumo do Módulo 1 - Composição da Remuneração
A29: Item | B29: Encargos e Benefícios Anuais, Mensais e Diários | D29: Valor (R$)
A30: 1.1 | B30: Remuneração | D30: =D20 -> 0
A31: 1.2 | B31: Pagamentos sem natureza remuneratória e incidência | D31: =D26 -> 0
A32: TOTAL DO MÓDULO 1 | D32: =SUM(D30:D31) -> 0
A34: MÓDULO 2 - Encargos e Benefícios Anuais, Mensais e Diários
A35: Submódulo 2.1 - 13º (décimo terceiro) Salário, Férias e Adicional de Férias | C35: Percentual % | D35: Valor (R$)
A36: A | B36: 13º (décimo terceiro) Salário | C36: 0 | D36: =ROUND(($D$20*C36),2) -> 0
A37: B | B37: Adicional de Férias | C37: 0 | D37: =ROUND(($D$20*C37),2) -> 0
A38: Total do Submódulo 2.1 | C38: =SUM(C36:C37) -> 0 | D38: =ROUND(SUM(D36:D37),2) -> 0
A40: BASE DE CÁLCULO PARA O MÓDULO 2.2
A41: Submódulo 1.1 + Submódulo 2.1 | D41: =D20+D38 -> 0
A42: Submódulo 2.2 - Encargos Previdenciários (GPS), Fundo de Garantia por Tempo de Serviço (FGTS) e outras contribuições | C42: Percentual % | D42: Valor (R$)
A43: A | B43: INSS (Previdência Social) | D43: =ROUND(($D$41*C43),2) -> 0
A44: B | B44: SESI ou SESC | D44: =ROUND(($D$41*C44),2) -> 0
A45: A | B45: SENAI OU SENAC | D45: =ROUND(($D$41*C45),2) -> 0
A46: B | B46: INCRA | D46: =ROUND(($D$41*C46),2) -> 0
A47: A | B47: Salário Educação | D47: =ROUND(($D$41*C47),2) -> 0
A48: B | B48: FGTS | D48: =ROUND(($D$41*C48),2) -> 0
A49: A | B49: Seguro Acidente de Trabalho e FAP (RAT AJUSTADO - RELATÓRIO SEFIP/GFIP) | D49: =ROUND(($D$41*C49),2) -> 0
A50: B | B50: SEBRAE | D50: =ROUND(($D$41*C50),2) -> 0
A51: Total do Submódulo 2.2 | C51: =SUM(C43:C50) -> 0 | D51: =SUM(D43:D50) -> 0
A52: Submódulo 2.3 - Benefícios Mensais e Diários | D52: Valor (R$)
A53: A | B53: Transporte (Quantidade: 52, Valor da Passagem: R$ 3,50) - 6%
A54: B | B54: Auxílio Alimentação (Complemento)
A55: C | B55: Assistência Médica (CCT)
A56: D | B56: Assistência Odontológica
A57: E | B57: Seguro de vida
A58: F | B58: Auxílio Funeral
A59: G | B59: Outros (especificar)
A60: Total do Submódulo 2.3 | D60: =SUM(D53:D59) -> 0
A62: Quadro-Resumo do Módulo 2 - Encargos e Benefícios anuais, mensais e diários
A63: Item | B63: Encargos e Benefícios Anuais, Mensais e Diários | D63: Valor (R$)
A64: 2.1 | B64: 13º (décimo terceiro) salário e adicional de férias | C64: =C38 -> 0 | D64: =D38 -> 0
A65: 2.2 | B65: GPS, FGTS e outras contribuições | C65: =C51 -> 0 | D65: =D51 -> 0
A66: 2.3 | B66: Benefícios mensais e diários | D66: =D60 -> 0
A67: TOTAL DO MÓDULO 2 | C67: =SUM(C64:C66) -> 0 | D67: =SUM(D64:D66) -> 0
A69: MÓDULO 3 - PROVISÃO PARA RESCISÃO
A70: A | B70: Aviso Prévio Indenizado | C70: 0 | D70: =C70*D32 -> 0
A71: B | B71: Incidência do FGTS sobre o Aviso Prévio Indenizado | C71: 0 | D71: =ROUND((D70*C71),2) -> 0
A72: C | B72: Multa do FGTS e Contribuição Social sobre o Aviso Prévio Indenizado | C72: 0 | D72: =ROUND((D20*C72),2) -> 0
A73: D | B73: Aviso Prévio Trabalhado | C73: 0 | D73: =ROUND(((D20+D67)/12+0.5*D44)*C73,2) -> 0
A74: E | B74: Incidência dos encargos do submódulo 2.2 sobre o Aviso Prévio Trabalhado | C74: 0 | D74: =ROUND((D73*C74),2) -> 0
A75: F | B75: Multa do FGTS e Contribuição Social sobre o Aviso Prévio Trabalhado | C75: 0 | D75: =ROUND(($D$20*C75),2) -> 0
A76: TOTAL DO MÓDULO 3 | C76: =SUM(C70:C75) -> 0 | D76: =ROUND(SUM(D70:D75),2) -> 0
A78: BASE DE CÁLCULO PARA O MÓDULO 4
A79: Submódulo 1.1 + Módulo 2 + Módulo 3 | D79: =D20+D67+D76 -> 0
A81: MÓDULO 4 - CUSTO DE RESPOSIÇÃO DO PROFISSIONAL AUSENTE
A82: 4.1 - Ausências legais
A83: Item | B83: Descrição | C83: Percentual % | D83: Valor (R$)
A84: A | B84: Férias | D84: =ROUND(C84*$D$30,2) -> 0
A85: B | B85: Auxílio Doença | D85: =ROUND(C85*$D$30,2) -> 0
A86: C | B86: Licença paternidade / maternidade | D86: =ROUND(C86*$D$30,2) -> 0
A87: D | B87: Faltas Legais | D87: =ROUND(C87*$D$30,2) -> 0
A88: E | B88: Acidente de Trabalho | D88: =ROUND(C88*$D$30,2) -> 0
A89: F | B89: Treinamento | D89: =ROUND(C89*$D$30,2) -> 0
A90: G | B90: Outros (especificar) | D90: =ROUND(C90*$D$30,2) -> 0
A91: Subtotal do Submódulo 4.1 | D91: =SUM(D84:D90) -> 0
A92: H | B92: Incidência dos encargos do submódulo 2.2 sobre o Módulo 4.1 | D92: =ROUND(C92*D91,2) -> 0
A93: I | B93: Incidência sobre o Salário Maternidade | D93: =ROUND(C93*D91,2) -> 0
A94: TOTAL DO MÓDULO 4 | C94: =SUM(C84:C90,C92) -> 0 | D94: =D92+D93 -> 0
A96: MÓDULO 5 - Insumos Diversos
A97: Item | B97: Descrição | D97: Valor (R$)
A98: A | B98: Uniformes | D98: 0
A99: B | B99: Materiais e Equipamentos
A100: C | B100: Outros (especificar)
A101: TOTAL DO MÓDULO 5 | D101: =SUM(D98:D100) -> 0
A103: BASE DE CÁLCULO PARA O MÓDULO 6
A104: Módulo 1 + Módulo 2 + Módulo 3 + Módulo 4 + Módulo 5 | D104: =SUM(D79+D91+D101) -> 0
B105: Módulo 6 - Custos Indiretos, Tributos e Lucro | C105: Percentual % | D105: Valor (R$)
A106: A | B106: Custos Indiretos | D106: =ROUND(($D$104*C106),2) -> 0
A107: B | B107: Lucro | D107: =ROUND(($D$104*C107),2) -> 0
B108: FATURAMENTO (MT + M6A + M6B) | D108: =D104+D106+D107 -> 0
A109: C | B109: Tributos (Cálculo por Dentro) | C109: =(100-(C116*100))/100 -> 0.9135 | D109: =ROUND(D108/C109,2) -> 0
...

Sheet UNIFORMES
A1: PLANILHA DE UNIFORMES
A3: Conjunto de Uniforme completo para o posto de Motorista Especial (Item 01)
A4: Item | B4: Descrição | C4: Qtd. | D4: Preço Unitário | E4: Qtd. Anual | F4: Valor Mensal
A5: 1 | B5: Paletó, fino acabamento, corte slim, cor preta, em tecido microfibra ou superior, forrado internamente, inclusive na manga, conforme especificações do item 11.3.1 do Termo de Referência. | C5: 1 | E5: 1 | F5: =(D5*E5)/12 -> 0
A6: 2 | B6: Calça Social, sob medida, corte italiano, fino acabamento, conforme especificações do item 11.3.2 do Termo de Referência. | C6: 2 | E6: =C6*2 -> 4 | F6: =(D6*E6)/12 -> 0
A7: 3 | B7: Camisa Social, manga longa, cor azul ou branca, confeccionada em tecido 100% algodão, conforme especificações descrita no item 11.3.3 do Termo de Referência. | C7: 2 | E7: =C7*2 -> 4 | F7: =(D7*E7)/12 -> 0
A8: 4 | B8: Camisa Social, manga curta, cor azul ou branca, confeccionada em tecido 100% algodão, conforme especificações do item 11.3.4 do Termo de Referência. | C8: 2 | E8: =C8*2 -> 4 | F8: =(D8*E8)/12 -> 0
A9: 5 | B9: Gravata em Tecido Jaguard 100% poliester, acabamento de 1ª qualidade, modelo slim, conforme especificações do item 11.3.5 do Termo de Referência. | C9: 3 | E9: =C9*2 -> 6 | F9: =(D9*E9)/12 -> 0
A10: 6 | B10: Cinto, modelo social, 100% couro animal, cor preta com fivela lisa na cor prata ou chumbo, conforme especificações do item 11.3.6 do Termo de Referência. | C10: 2 | E10: =C10*2 -> 4 | F10: =(D10*E10)/12 -> 0
A11: 7 | B11: Sapato Social (par) tipo esporte fino, em couro legítimo, cor preta, solado de borracha antiderrapante, conforme especificações do item 11.3.7 do Termo de Referência. | C11: 2 | E11: =C11*2 -> 4 | F11: =(D11*E11)/12 -> 0
A12: 8 | B12: Meia Social, tecido 100% poliamida, cano longo, cor preta, conforme especificações do item 11.3.8 do Termo de Referência. | C12: 6 | E12: =C12*2 -> 12 | F12: =(D12*E12)/12 -> 0
A13: 9 | B13: Crachá de identificação confeccionado em PVC com cordão de pescoço, conformee especificações do item 11.3.9 do Termo de Referência. | C13: 1 | E13: =C13*2 -> 2 | F13: =(D13*E13)/12 -> 0
A14: CUSTO MENSAL DO UNIFORME POR EMPREGADO | F14: =SUM(F7:F13) -> 0
A17: Conjunto de Uniforme completo para os postos de Motorista I (Item 05)
A18: Item | B18: Descrição | C18: Qtd. | D18: Preço Unitário | E18: Qtd. Anual | F18: Valor Mensal
A19: 1 | B19: Calça Social, sob medida, corte italiano, fino acabamento, conforme especificações do item 11.3.2 do Termo de Referência. | C19: 2 | E19: =C19*2 -> 4 | F19: =(D19*E19)/12 -> 0
A20: 2 | B20: Camisa Social, manga longa, cor azul ou branca, confeccionada em tecido 100% algodão, conforme especificações descrita no item 11.3.3 do Termo de Referência. | C20: 2 | E20: =C20*2 -> 4 | F20: =(D20*E20)/12 -> 0
A21: 3 | B21: Camisa Social, manga curta, cor azul ou branca, confeccionada em tecido 100% algodão, conforme especificações do item 11.3.4 do Termo de Referência. | C21: 2 | E21: =C21*2 -> 4 | F21: =(D21*E21)/12 -> 0
A22: 4 | B22: Gravata em Tecido Jaguard 100% poliester, acabamento de 1ª qualidade, modelo slim, conforme especificações do item 11.3.5 do Termo de Referência. | C22: 3 | E22: =C22*2 -> 6 | F22: =(D22*E22)/12 -> 0
A23: 5 | B23: Cinto, modelo social, 100% couro animal, cor preta com fivela lisa na cor prata ou chumbo, conforme especificações do item 11.3.6 do Termo de Referência. | C23: 2 | E23: =C23*2 -> 4 | F23: =(D23*E23)/12 -> 0
A24: 6 | B24: Sapato Social (par) tipo esporte fino, em couro legítimo, cor preta, solado de borracha antiderrapante, conforme especificações do item 11.3.7 do Termo de Referência. | C24: 2 | E24: =C24*2 -> 4 | F24: =(D24*E24)/12 -> 0
A25: 7 | B25: Meia Social, tecido 100% poliamida, cano longo, cor preta, conforme especificações do item 11.3.8 do Termo de Referência. | C25: 6 | E25: =C25*2 -> 12 | F25: =(D25*E25)/12 -> 0
A26: 8 | B26: Crachá de identificação confeccionado em PVC com cordão de pescoço, conformee especificações do item 11.3.9 do Termo de Referência. | C26: 1 | E26: =C26*2 -> 2 | F26: =(D26*E26)/12 -> 0
A27: CUSTO MENSAL DO UNIFORME POR EMPREGADO | F27: =SUM(F19:F26) -> 0

Sheet MAT. E EQUIP.
A1: PLANILHA DE MATERIAIS E EQUIPAMENTOS
A3: Materiais e equipamentos disponibilizados para todos os postos
A4: Item | B4: Descrição | C4: Qtd. | D4: Custo Unitário | E4: Qtd. Anual | F4: Custo Mensal
A5: 1 | B5: Livro de Ocorrência | C5: 2 | E5: =C5*2 -> 4 | F5: =(D5*E5)/12 -> 0
A6: 2 | B6: Caneta Esferográfica tinta azul | C6: 12 | E6: =C6*2 -> 24 | F6: =(D6*E6)/12 -> 0
A7: CUSTO MENSAL COM MATERIAIS E EQUIPAMENTOS POR EMPREGADO | F7: =SUM(F5:F6) -> 0
